Workbook
Name \0: #REF!
Name \0: #REF!
Name \00: #REF!
Name \00: #REF!
Name \a: #REF!
Name \a: #REF!
Name \AA: #REF!
Name \AA: #REF!
Name \b: #REF!
Name \b: #REF!
Name \bb: #REF!
Name \bb: #REF!
Name \E: #REF!
Name \E: #REF!
Name \EE: #REF!
Name \EE: #REF!
Name \G: #REF!
Name \G: #REF!
Name \k: #REF!
Name \k: #REF!
Name \l: #REF!
Name \l: #REF!
Name \M: #REF!
Name \M: #REF!
Name \ñ: #REF!
Name \ñ: #REF!
Name \P: #REF!
Name \P: #REF!
Name \R: #REF!
Name \R: #REF!
Name \s: #REF!
Name \s: #REF!
Name \V: #REF!
Name \V: #REF!
Name \X: [0]!ERR
Name \Z: [0]!ERR
Name _________AFC1: #REF!
Name _________AFC1: #REF!
Name _________AFC3: #REF!
Name _________AFC3: #REF!
Name _________AFC5: #REF!
Name _________AFC5: #REF!
Name _________BGC1: #REF!
Name _________BGC1: #REF!
Name _________BGC3: #REF!
Name _________BGC3: #REF!
Name _________BGC5: #REF!
Name _________BGC5: #REF!
Name _________CAC1: #REF!
Name _________CAC1: #REF!
Name _________CAC3: #REF!
Name _________CAC3: #REF!
Name _________CAC5: #REF!
Name _________CAC5: #REF!
Name _________PJ50: #REF!
Name _________PJ50: #REF!
Name _________SBC1: #REF!
Name _________SBC1: #REF!
Name _________SBC3: #REF!
Name _________SBC3: #REF!

Sheet Actividades
A3: BUSCAR:
A6: CODIGO | B6: DESCRIPCION | C6: CATEGORIA | D6: UNIDAD | E6: VR. UNIT (CD)
A7: AB | B7: ANALISIS BASICOS | C7: Capitulo | E7: --
A8: AB1 | B8: ACERO 60.000 PSI (INCLUYE ALAMBRE NEGRO Y FIGURACIÓN ) | C8: Actividad | D8: KG | E8: 7381
A9: AB2 | B9: CONCRETO 1500 psi - 10.5 Mpa | C9: Actividad | D9: M3 | E9: 422219
A10: AB3 | B10: CONCRETO 2000 PSI - 14 MPA | C10: Actividad | D10: M3 | E10: 439058
A11: AB4 | B11: CONCRETO 2500 psi - 17.5 Mpa | C11: Actividad | D11: M3 | E11: 503581
A12: AB5 | B12: CONCRETO 3000 psi - 21 Mpa | C12: Actividad | D12: M3 | E12: 561725
A13: AB6 | B13: CONCRETO 3500 psi - 24.5 Mpa | C13: Actividad | D13: M3 | E13: 619549
A14: AB7 | B14: CONCRETO 4000 psi - 28 Mpa | C14: Actividad | D14: M3 | E14: 639845
A15: AB8 | B15: CONCRETO 1500 psi - 10.5 Mpa Impermeabilizado | C15: Actividad | D15: M3 | E15: 438036
A16: AB9 | B16: CONCRETO 2000 psi - 14 Mpa Impermeabilizado | C16: Actividad | D16: M3 | E16: 456381
A17: AB10 | B17: CONCRETO 2500 psi - 17.5 Mpa Impermeabilizado | C17: Actividad | D17: M3 | E17: 526176
A18: AB11 | B18: CONCRETO 3000 psi - 21 Mpa Impermeabilizado | C18: Actividad | D18: M3 | E18: 588086
A19: AB12 | B19: CONCRETO 3500 psi - 24.5 Mpa Impermeabilizado | C19: Actividad | D19: M3 | E19: 651182
... A31: AB24 | B31: MORTERO 1:4 Impermeabilizado | C31: Actividad | D31: M3 | E31: 557832
A32: 001 | B32: PRELIMINARES | C32: Capitulo | E32: --
A33: 001.001 | B33: LOCALIZACION Y REPLANTEO EDIFICIO | C33: Actividad | D33: M2 | E33: 4726
A34: 001.006 | B34: DESCAPOTE MECANICO e=0.20 m. | C34: Actividad | D34: M2 | E34: 1924
A35: 001.032 | B35: TALA DE ARBOLES H=5mts 2,5 mts DE RADIO DE FOLLAJE APROX (INCLUYE RETIRO) | C35: Actividad | D35: UND | E35: 345276
A36: 001.041 | B36: TRAZADO SOBRE TERRENO | C36: Actividad | D36: M2 | E36: 2791
A37: 001.042 | B37: LOCALIZACION Y REPLANTEO REDES (INCLUYE PLANO RECORD) | C37: Actividad | D37: DIA | E37: 1226233
A38: 001.043 | B38: ROCERIA Y LIMPIEZA | C38: Actividad | D38: M2 | E38: 1525
A39: 001.044 | B39: DESCAPOTE MANUAL e=0.20 m. | C39: Actividad | D39: M2 | E39: 2857
A40: 001.045 | B40: NIVELACION Y LIMPIEZA | C40: Actividad | D40: M2 | E40: 9362
A41: 001.046 | B41: SUMINISTRO, TRANSPORTE E INSTALACION CAMPAMENTO PROVISIONAL | C41: Actividad | D41: M2 | E41: 188472
A42: 001.047 | B42: BODEGA PARA CAMPAMENTO (INCLUYE ADECUACIONES) | C42: Actividad | D42: M2 - MES | E42: 27344
A43: 001.048 | B43: CAMPAMENTO CONTENEDOR | C43: Actividad | D43: UND | E43: 2279343
A44: 001.049 | B44: SUMINISTRO, TRANSPORTE E INSTALACIÓN CERRAMIENTO EN YUTE H= 2 M | C44: Actividad | D44: ML | E44: 14195
... A72: 001.094 | B72: SOBREACARREO EN VEHICULO AUTOMOTOR HASTA 5 KM | C72: Actividad | D72: M3 | E72: 98144
A73: 002 | B73: MOVIMIENTO DE TIERRAS | C73: Capitulo | E73: --
A74: 002.001 | B74: EXCAVACIÓN EN ZANJA - MATERIAL COMÚN - 0.0 A 2.0 M | C74: Actividad | D74: M3 | E74: 36872
A75: 002.002 | B75: EXCAVACIÓN EN ZANJA - MATERIAL COMÚN - 2.01 A 4.00 M | C75: Actividad | D75: M3 | E75: 41125
A76: 002.003 | B76: EXCAVACIÓN EN ZANJA - MATERIAL COMÚN - 4.01 A 6.00 M | C76: Actividad | D76: M3 | E76: 108050
A77: 002.004 | B77: EXCAVACIÓN EN ZANJA - CONGLOMERADO - 0.0 A 2.0 M | C77: Actividad | D77: M3 | E77: 56881
A78: 002.005 | B78: EXCAVACIÓN EN ZANJA - CONGLOMERADO - 2.01 A 4.00 M | C78: Actividad | D78: M3 | E78: 68124
A79: 002.006 | B79: EXCAVACIÓN EN ZANJA - CONGLOMERADO - 4.01 A 6.00 M | C79: Actividad | D79: M3 | E79: 109006
A80: 002.007 | B80: SUMINISTRO, TRANSPORTE E INSTALACION EXCAVACIÓN EN ZANJA - ROCA - CON EXPLOSIVOS - 0.0 A 2.0 M | C80: Actividad | D80: M3 | E80: 334175
A81: 002.008 | B81: SUMINISTRO, TRANSPORTE E INSTALACION EXCAVACIÓN EN ZANJA - ROCA - CON EXPLOSIVOS - 2.01 A 4.0 MT | C81: Actividad | D81: M3 | E81: 348497
A82: 002.009 | B82: SUMINISTRO, TRANSPORTE E INSTALACION EXCAVACIÓN EN ZANJA - ROCA - CON EXPLOSIVOS - 4.01 A 6.0 M | C82: Actividad | D82: M3 | E82: 424948
A83: 002.010 | B83: EXCAVACIÓN PARA ESTRUCTURAS - MATERIAL COMÚN - 0.0 A 2.0 M | C83: Actividad | D83: M3 | E83: 51421
A84: 002.011 | B84: EXCAVACIÓN PARA ESTRUCTURAS - MATERIAL COMÚN - 2.0 A 4.0 MT | C84: Actividad | D84: M3 | E84: 64146
A85: 002.012 | B85: EXCAVACIÓN PARA ESTRUCTURAS - CONGLOMERADO - 0.0 A 2.0 M | C85: Actividad | D85: M3 | E85: 65273
... A148: 002.089 | B148: RETIRO DE MATERIAL SOBRANTE EN VOLQUETA, CARGUE MANUAL, DISPOSICIÓN EN BOTADERO (HASTA 25 KM) | C148: Actividad | D148: M3-Suelto | E148: 40777
A149: 002A | B149: CIMIENTOS | C149: Capitulo | E149: --
A150: 002A.001 | B150: SUMINISTRO, TRANSPORTE E INSTALACION SOLADO DE LIMPIEZA 2.000 PSI | C150: Actividad | D150: M3 | E150: 589251
A151: 002A.003 | B151: SUMINISTRO, TRANSPORTE E INSTALACION SOLADO DE LIMPIEZA 2.000 PSI E = 5 CM | C151: Actividad | D151: M2 | E151: 29514
A152: 002A.004 | B152: SUMINISTRO, TRANSPORTE E INSTALACION ZAPATA CONCRETO 3000 PSI | C152: Actividad | D152: M3 | E152: 795827
A153: 002A.005 | B153: SUMINISTRO, TRANSPORTE E INSTALACION VIGA CIMENTACION CONCRETO 3000 PSI | C153: Actividad | D153: M3 | E153: 887182
A154: 002A.006 | B154: SUMINISTRO, TRANSPORTE E INSTALACION ZAPATA CONCRETO 4000 PSI | C154: Actividad | D154: M3 | E154: 877853
A155: 002A.007 | B155: SUMINISTRO, TRANSPORTE E INSTALACION CONCRETO CICLOPEO CIMIENTOS (60% Concreto 3000 psi y 40% piedra media zonga) | C155: Actividad | D155: M3 | E155: 571562
A156: 002A.008 | B156: SUMINISTRO, TRANSPORTE E INSTALACION ZARPA PARA MURO DE CONTENCION CONCRETO 3000 PSI | C156: Actividad | D156: M3 | E156: 953381
A157: 002A.009 | B157: SUMINISTRO, TRANSPORTE E INSTALACION VIGA CIMENTACION CONCRETO 4000 PSI | C157: Actividad | D157: M3 | E157: 969208
A158: 002A.012 | B158: SUMINISTRO, TRANSPORTE E INSTALACION SUELO - CEMENTO 8:1 | C158: Actividad | D158: M3 | E158: 100090
A159: 002A.013 | B159: SUMINISTRO, TRANSPORTE E INSTALACION SUELO - CEMENTO 20:1 | C159: Actividad | D159: M3 | E159: 43978
A160: 002A.014 | B160: SUSTITUCION CON AFIRMADO COMPACTADO CON CILINDRO | C160: Actividad | D160: M3 | E160: 137880
A161: 002A.015 | B161: SUMINISTRO, TRANSPORTE E INSTALACION CAISSONS 3000 PSI | C161: Actividad | D161: M3 | E161: 783241
... A169: 002A.26 | B169: VACIADO DE LOSA ML X 60 CMS ANCHO | C169: Actividad | D169: ML | E169: 84452
A170: 003 | B170: DESAGUES E INSTALACIONES SANITARIAS | C170: Capitulo | E170: --
A171: 003.001 | B171: SUMINISTRO, TRANSPORTE E INSTALACION CAJA DE INSPECCION 0.30*0.30*0.40 m.(INCLUYE, LADRILLO COMÚN, MARCO EN ANGULO 1 1/2 X 1 1/2 * 1/8" Y TAPA REFORZADA EN PLATINA DE 2 * 1/8" CON PARRILLA EN VARILLA 3/8 CADA 10 CM.) | C171: Actividad | D171: UND | E171: 339066
A172: 003.002 | B172: SUMINISTRO, TRANSPORTE E INSTALACION CAJA DE INSPECCION 0.40*0.40*0.40 m.(INCLUYE, LADRILLO COMÚN, MARCO EN ANGULO 1 1/2 X 1 1/2 * 1/8" Y TAPA REFORZADA EN PLATINA DE 2 * 1/8" CON PARRILLA EN VARILLA 3/8 CADA 10 CM.) | C172: Actividad | D172: UND | E172: 419440
A173: 003.003 | B173: SUMINISTRO, TRANSPORTE E INSTALACION CAJA DE INSPECCION 0.60*0.60*1 m. (Incluye, ladrillo común, marco en angulo 2 1/2 x 2 1/2 * 3/16" y tapa reforzada en platina de 3 * 3/16" con parrilla en varilla 3/8 cada 10 cm.). | C173: Actividad | D173: UND | E173: 1075755
A174: 003.004 | B174: SUMINISTRO, TRANSPORTE E INSTALACION CAJA DE INSPECCION 0.80*0.80*1 m. (Incluye, ladrillo común, marco en angulo 2 1/2 x 2 1/2 * 3/16" y tapa reforzada en platina de 3 * 3/16" con parrilla en varilla 3/8 cada 10 cm.). | C174: Actividad | D174: UND | E174: 1406140
A175: 003.005 | B175: SUMINISTRO, TRANSPORTE E INSTALACION CAJA DE INSPECCION 1 * 1 * 1 m. (Incluye, ladrillo común, marco en angulo 2 1/2 x 2 1/2 * 3/16" y tapa reforzada en platina de 3 * 3/16" con parrilla en varilla 3/8 cada 10 cm.). | C175: Actividad | D175: UND | E175: 1708196
A176: 003.006 | B176: SUMINISTRO, TRANSPORTE E INSTALACION CAJA DE INSPECCION 1 * 1 * 1.50 m. (Incluye, ladrillo común, marco en angulo 2 1/2 x 2 1/2 * 3/16" y tapa reforzada en platina de 3 * 3/16" con parrilla en varilla 3/8 cada 10 cm.). | C176: Actividad | D176: UND | E176: 2089905
A177: 003.007 | B177: SUMINISTRO, TRANSPORTE E INSTALACION BAJANTE AGUAS NEGRAS PVC 3" (INCLUYE CODO, UNION Y ACCESORIOS DE FIJACION) | C177: Actividad | D177: ML | E177: 33495
A178: 003.008 | B178: SUMINISTRO, TRANSPORTE E INSTALACION BAJANTE AGUAS NEGRAS PVC 4" (INCLUYE CODO, UNION Y ACCESORIOS DE FIJACION) | C178: Actividad | D178: ML | E178: 46682
A179: 003.009 | B179: SUMINISTRO, TRANSPORTE E INSTALACION BAJANTE AGUAS NEGRAS PVC 6" (INCLUYE CODO, UNION Y ACCESORIOS DE FIJACION) | C179: Actividad | D179: ML | E179: 73846
A180: 003.010 | B180: SUMINISTRO, TRANSPORTE E INSTALACION BAJANTE AGUAS LLUVIAS PVC 3" (INCLUYE CODO, UNION Y ACCESORIOS DE FIJACION) | C180: Actividad | D180: ML | E180: 34648
A181: 003.011 | B181: SUMINISTRO, TRANSPORTE E INSTALACION BAJANTE AGUAS LLUVIAS PVC 4" (INCLUYE CODO, UNION Y ACCESORIOS DE FIJACION) | C181: Actividad | D181: ML | E181: 42285
A182: 003.012 | B182: SUMINISTRO, TRANSPORTE E INSTALACION BAJANTE AGUAS LLUVIAS PVC 6" (INCLUYE CODO, UNION Y ACCESORIOS DE FIJACION) | C182: Actividad | D182: ML | E182: 79855
... A287: 003.136 | B287: SUMINISTRO, TRANSPORTE E INSTALACION FILTRO DRENAJE (0.30 x 1.80 m.) Tubo Drenaje Corrugado de 4" con filtro. Incluye relleno piedra filtro, Geotextil NT 3000 | C287: Actividad | D287: ML | E287: 164372
A288: 004 | B288: PISOS-BASES-RELLENOS | C288: Capitulo | E288: --
A289: 004.001 | B289: SUMINISTRO, TRANSPORTE E INSTALACION BASE GRANULAR COMPACTADA CON RANA | C289: Actividad | D289: M3 | E289: 200128
A290: 004.003 | B290: SUMINISTRO, TRANSPORTE E INSTALACION POLIETILENO CAL. 6 (Impermeabilización piso) | C290: Actividad | D290: M2 | E290: 7207
A291: 004.005 | B291: SUMINISTRO, TRANSPORTE E INSTALACION SUB BASE COMPACTADA CON RANA | C291: Actividad | D291: M3 | E291: 197034
A292: 004.007 | B292: SUMINISTRO, TRANSPORTE E INSTALACION GEOTEXTIL NO TEJIDO 1600 | C292: Actividad | D292: M2 | E292: 6094
A293: 004.008 | B293: SUMINISTRO, TRANSPORTE E INSTALACION GEOTEXTIL NO TEJIDO 4000 | C293: Actividad | D293: M2 | E293: 15790
A294: 004.010 | B294: SUMINISTRO, TRANSPORTE E INSTALACION SUELO NATURAL TRATADO QUIMICAMENTE EN UNA MEZCLA CON CAL HIDRATADA, EN UNA DOSIFICACION IGUAL AL 5% EN PESO | C294: Actividad | D294: M3 | E294: 181480
A295: 004.011 | B295: SUMINISTRO, TRANSPORTE E INSTALACION TRATAMIENTO DE SUELO, CAL HIDRATADA E=0.02 Mts. | C295: Actividad | D295: M2 | E295: 28693
A296: 004.012 | B296: SUMINISTRO, TRANSPORTE E INSTALACION TRATAMIENTO DE SUELO, BARRENOS EN CAL HIDRATADA D=0.12 Mts L=1,20 Mts.(Zapatas) | C296: Actividad | D296: ML | E296: 54754
A297: 004.013 | B297: SUMINISTRO, TRANSPORTE E INSTALACION AFIRMADO COMPACTADO PARA ESTRUCTURAS | C297: Actividad | D297: M3 | E297: 136601
A298: 004.014 | B298: NIVELACION MANUAL DE ARENA PARA CANCHAS DE FUTBOL (NO INCLUYE SUMINISTRO DE ARENA) | C298: Actividad | D298: M2 | E298: 2399
A299: 005 | B299: ESTRUCTURAS EN CONCRETO, METALICAS Y DE MADERA | C299: Capitulo | E299: --
A300: 005.001 | B300: SUMINISTRO, TRANSPORTE E INSTALACION MALLA ELECTROSOLDADA (Incluye alambre negro, colocación y traslapo). | C300: Actividad | D300: KG | E300: 8506
A301: 005.003 | B301: SUMINISTRO, TRANSPORTE E INSTALACION MALLA ELECTROSOLDADA H-084 R-21 F 4 mm c/.15 x 25m (Incluye alambre negro, colocación y traslapo). | C301: Actividad | D301: KG | E301: 7962
A302: 005.004 | B302: SUMINISTRO, TRANSPORTE E INSTALACION MALLA ELECTROSOLDADA M-084 Q-2 F 4 mm c/.15m en ambos sentidos (Incluye alambre negro, colocación y traslapo). | C302: Actividad | D302: KG | E302: 7813
A303: 005.005 | B303: SUMINISTRO, TRANSPORTE E INSTALACION MALLA ELECTROSOLDADA M-106 Q-3F 4.5 mm c/.15m en ambos sentidos (Incluye alambre negro, colocación y traslapo). | C303: Actividad | D303: KG | E303: 7813
A304: 005.006 | B304: SUMINISTRO, TRANSPORTE E INSTALACION MALLA ELECTROSOLDADA XX-131 5.0MM C/ 15 CM EN AMBOS SENTIDOS (INCLUYE ALAMBRE NEGRO, COLOCACIÓN Y TRASLAPO). | C304: Actividad | D304: KG | E304: 7813
A305: 005.007 | B305: SUMINISTRO, TRANSPORTE E INSTALACION MALLA ELECTROSOLDADA M-159 Q-4 F 5.5mm c/.15m en ambos sentidos (Incluye alambre negro, colocación y traslapo). | C305: Actividad | D305: KG | E305: 7813
A306: 005.008 | B306: SUMINISTRO, TRANSPORTE E INSTALACION MALLA ELECTROSOLDADA M-188 Q-5 F 6 mm c/.15m en ambos sentidos (Incluye alambre negro, colocación y traslapo). | C306: Actividad | D306: KG | E306: 7813
A307: 005.009 | B307: SUMINISTRO, TRANSPORTE E INSTALACION MALLA ELECTROSOLDADA M-221 Q-6 F 6.5mm c/.15m en ambos sentidos (Incluye alambre negro, colocación y traslapo). | C307: Actividad | D307: KG | E307: 7813
A308: 005.010 | B308: SUMINISTRO, TRANSPORTE E INSTALACION PLACA CONTRAPISO CONCRETO 3000 PSI E=0.07 m ( Sin refuerzo) | C308: Actividad | D308: M2 | E308: 80331
A309: 005.011 | B309: SUMINISTRO, TRANSPORTE E INSTALACION PLACA CONTRAPISO CONCRETO 3000 PSI E=0.10 m | C309: Actividad | D309: M2 | E309: 108578
A310: 005.012 | B310: SUMINISTRO, TRANSPORTE E INSTALACION PLACA CONTRAPISO CONCRETO 3000 PSI E=0.15 | C310: Actividad | D310: M2 | E310: 146188
A311: 005.013 | B311: SUMINISTRO, TRANSPORTE E INSTALACION PLACA CONTRAPISO CONCRETO 3000 PSI | C311: Actividad | D311: M3 | E311: 1013490
... A401: 005.119 | B401: SUMINISTRO, TRANSPORTE E INSTALACION PLACA DE CONTRAPISO EN CONCRETO IMPERMEABILIZADO DE 4000 PSI e= 0.35m | C401: Actividad | D401: M2 | E401: 380764
A402: 006 | B402: MAMPOSTERIA | C402: Capitulo | E402: --
A403: 006.001 | B403: SUMINISTRO, TRANSPORTE E INSTALACION MURO EN BLOQUE Nº4 Arcilla 33*23*9 cm. | C403: Actividad | D403: M2 | E403: 66405
A404: 006.003 | B404: SUMINISTRO, TRANSPORTE E INSTALACION MURO EN BLOQUE Nº5 Arcilla 33*23*11.5 cm. | C404: Actividad | D404: M2 | E404: 74460
...

Sheet Insumos
H1: 0.052
A2: CODIGO INSUMO | B2: INSUMO, EQUIPO O HERRAMIENTA | C2: TIPO | D2: UNIIDAD | E2: VR. IVA INCLUIDO | F2: VR. ANTES DE IVA | G2: IMPUESTO IVA | H2: INSUMOS 2024 | I2: Columna3 | J2: Columna4
A3: I1 | B3: ACERO 37.000 PSI | C3: Insumos | D3: KG | E3: =ROUNDUP(H3*(1+$H$1),0) -> 4551 | F3: 3635 | G3: 0.19 | H3: 4326
A4: I2 | B4: ACERO 60.000 PSI | C4: Insumos | D4: KG | E4: 4251 | F4: =+E4/1.19 -> 3572.2689 | I4: DIACO ENERO 2025
A5: I3 | B5: ALAMBRE NEGRO NO. 18 | C5: Insumos | D5: KG | E5: =ROUNDUP(H5*(1+$H$1),0) -> 5938 | F5: 4743 | G5: 0.19 | H5: 5644
A6: I4 | B6: GRAFIL 5.5 MM | C6: Insumos | D6: KG | E6: =ROUNDUP(H6*(1+$H$1),0) -> 4380 | F6: 3498 | G6: 0.19 | H6: 4163
A7: I5 | B7: MALLA ELECTROSOLDADA (CUALQUIER REFERENCIA) | C7: Insumos | D7: KG | E7: 5200 | F7: 3460 | G7: 0.19 | H7: 4117
A8: I6 | B8: MALLA ELECTROSOLDADA M-084 Q-2 4 MM 15 X 15 CM. | C8: Insumos | D8: KG | E8: 5058 | I8: DIACO ENERO 2025
A9: I7 | B9: MALLA ELECTROSOLDADA M-106 Q-3 4.5 MM 15 X 15 CM. | C9: Insumos | D9: KG | E9: 5058 | F9: 3460 | G9: 0.19 | H9: 4117
A10: I8 | B10: MALLA ELECTROSOLDADA XX-131 5.0MM C/ 15 CM EN AMBOS SENTIDOS | C10: Insumos | D10: KG | E10: 5058 | I10: DIACO ENERO 2025
A11: I9 | B11: MALLA ELECTROSOLDADA M-159 Q-4 5.5 MM 15 X 15 CM. | C11: Insumos | D11: KG | E11: 5058 | F11: 3460 | G11: 0.19 | H11: 4117
A12: I10 | B12: MALLA ELECTROSOLDADA M-188. Q-5 6.0MM 15 X 15CM. | C12: Insumos | D12: KG | E12: 5058 | I12: DIACO ENERO 2025
A13: I11 | B13: MALLA ELECTROSOLDADA M-221 Q-6 6.5 MM 15 X 15 CM. | C13: Insumos | D13: KG | E13: 5058 | F13: 3460 | G13: 0.19 | H13: 4117
A14: I12 | B14: MALLA ELECTROSOLDADA M-257 F 7,0MM C/.15M EN AMBOS SENTIDOS | C14: Insumos | D14: KG | E14: 5058 | I14: DIACO ENERO 2025
A15: I13 | B15: VARILLA LISA 5/8" | C15: Insumos | D15: M | E15: 7145 | I15: DIACO ENERO 2025
A16: I14 | B16: VARILLA LISA 3/8" | C16: Insumos | D16: M | E16: =ROUNDUP(H16*(1+$H$1),0) -> 5417 | F16: 4327 | G16: 0.19 | H16: 5149
A17: I15 | B17: VARILLA LISA 1/2" | C17: Insumos | D17: M | E17: 4591 | I17: DIACO ENERO 2025
A18: I20 | B18: BARRAS CORRUGADAS W60X6M D: 3/8" | C18: Insumos | D18: UND | E18: 14075 | I18: DIACO ENERO 2025
A19: I21 | B19: GANCHO DE AGARRE DE 5/8" DE FY 420 MPA | C19: Insumos | D19: UND | E19: =ROUNDUP(H19*(1+$H$1),0) -> 3921 | F19: 3132 | G19: 0.19 | H19: 3727
A20: I22 | B20: ESCALONES EN 3/8 DE FY 420 MPA | C20: Insumos | D20: UND | E20: =ROUNDUP(H20*(1+$H$1),0) -> 3821 | F20: 3052 | G20: 0.19 | H20: 3632
A21: I23 | B21: MARCO REJA DE VARILLA 1" A.R/ ANGULO/PLATINA | C21: Insumos | D21: UND | E21: =ROUNDUP(H21*(1+$H$1),0) -> 216706 | F21: 173104 | G21: 0.19 | H21: 205994
A22: I24 | B22: ARO-TAPA HD DE 0,60 M SELLO ELASTICO- LLAVE-ANTIRUIDO | C22: Insumos | D22: UND | E22: =ROUNDUP(H22*(1+$H$1),0) -> 1332732 | F22: 1064584 | G22: 0.19 | H22: 1266855
A23: I25 | B23: ARO-TAPA HD DE 0,58 M SELLO ELASTICO- LLAVE-ANTIRUIDO | C23: Insumos | D23: UND | E23: =ROUNDUP(H23*(1+$H$1),0) -> 650112 | F23: 519308 | G23: 0.19 | H23: 617977
A24: I26 | B24: TAPA D 0.58 M EN POLIPROPILENO RECICLADO Y ARO EN HF | C24: Insumos | D24: UND | E24: =ROUNDUP(H24*(1+$H$1),0) -> 281716 | F24: 225034 | G24: 0.19 | H24: 267790
A25: I27 | B25: HIERRO LISO (DOVELAS) | C25: Insumos | D25: KG | E25: 5465 | I25: DIACO ENERO 2025
A26: I28 | B26: ANCLAJES 1/2" X 8" (INCLUYE PERFORACIÓN Y ADHESIVO EPÓXICO) | C26: Insumos | D26: UND | E26: =ROUNDUP(H26*(1+$H$1),0) -> 17336 | F26: 13848 | G26: 0.19 | H26: 16479
A27: I29 | B27: CABLE 1/2" PARA ANCLAJES - ALTA RESISTENCIA | C27: Insumos | D27: ML | E27: 8930 | I27: CORPOCALDAS
A28: I30 | B28: ALAMBRE DE PUA X 350 MTS CL 12 | C28: Insumos | D28: ROLLO | E28: =ROUNDUP(H28*(1+$H$1),0) -> 282800 | F28: 225900 | G28: 0.19 | H28: 268821
A29: I31 | B29: ARENA GRUESA (Inc Transporte hasta 39 km) | C29: Insumos | D29: M3 | E29: 106670 | I29: TRITURADOS Y ARENAS DE COLOMBIA S.A.S.
A30: I32 | B30: ARENA DELGADA (Inc Transporte hasta 39 km) | C30: Insumos | D30: M3 | E30: 106670 | I30: TRITURADOS Y ARENAS DE COLOMBIA S.A.S.
A31: I33 | B31: ARENA GRUESA (Inc Transporte hasta 39 km) | C31: Insumos | D31: M3 | E31: 106670 | I31: TRITURADOS Y ARENAS DE COLOMBIA S.A.S.
A32: I34 | B32: TRITURADO DE 3/4" (Inc. Transporte hasta 39 km) | C32: Insumos | D32: M3 | E32: 136420 | I32: TRITURADOS Y ARENAS DE COLOMBIA S.A.S.
A33: I37 | B33: PIEDRA MEDIA ZONGA | C33: Insumos | D33: M3 | E33: 95000
A34: I38 | B34: PIEDRA DE MANO | C34: Insumos | D34: M3 | E34: 95000
A35: I39 | B35: BASE GRANULAR (Incluye transporte hasta 39 Km) | C35: Insumos | D35: M3 | E35: 120950 | I35: TRITURADOS Y ARENAS DE COLOMBIA S.A.S.
A36: I43 | B36: SUB BASE GRANULAR (Incluye transporte hasta 39 km) | C36: Insumos | D36: M3 | E36: 118570 | I36: TRITURADOS Y ARENAS DE COLOMBIA S.A.S.
A37: I45 | B37: AGUA M3 | C37: Insumos | D37: M3 | E37: =ROUNDUP(H37*(1+$H$1),0) -> 2808 | F37: 2669 | G37: 0 | H37: 2669
A38: I47 | B38: MATERIAL DE PRESTAMO CARGADO Y PUESTO EN OBRA | C38: Insumos | D38: M3 | E38: =ROUNDUP(H38*(1+$H$1),0) -> 29138 | F38: 27697 | G38: 0 | H38: 27697
A39: I48 | B39: PIEDRA FILTRO | C39: Insumos | D39: M3 | E39: 120950 | I39: TRITURADOS Y ARENAS DE COLOMBIA S.A.S.
A40: I49 | B40: AGUA LITRO | C40: Insumos | D40: LT | E40: =ROUNDUP(H40*(1+$H$1),0) -> 33 | F40: 31 | G40: 0 | H40: 31
A41: I50 | B41: AFIRMADO (Incluye transporte) | C41: Insumos | D41: M3 | E41: =470000/8 -> 58750 | F41: 65778 | G41: 0 | H41: 65778 | I41: $470 x viaje de 8m3 - Fernando Volquetas
A42: I51 | B42: ARENA LIMPIA SIN SOBRETAMAÑOS | C42: Insumos | D42: M3 | E42: 95910 | I42: MINERIA SOSTENIBLE S.A.S.
A43: I52 | B43: SUCIO DE RIO PARA AFIRMADOS | C43: Insumos | D43: M3 | E43: =ROUNDUP(H43*(1+$H$1),0) -> 63736 | F43: 60585 | G43: 0 | H43: 60585
A44: I55 | B44: ACCESORIOS PARA CONECTAR VÁLVULA ORINAL MEDIANO TIPO DOCOL REF. 4 AA TCDO1 O SIMILAR | C44: Insumos | D44: UND | E44: =ROUNDUP(H44*(1+$H$1),0) -> 91418 | F44: 73024 | G44: 0.19 | H44: 86899
A45: I57 | B45: BOTON ANTIVANDALICO METÁLICO CROMADO PARA ACCIONAR VÁLVULA DE DESCARGA TIPO DOCOL REF. 4 AA 01505006 O SIMILAR. | C45: Insumos | D45: UND | E45: =ROUNDUP(H45*(1+$H$1),0) -> 467637 | F45: 373547 | G45: 0.19 | H45: 444521
A46: I58 | B46: CEPILLERO EN PORCELANA TIPO ELITE DE CORONA REF. 06150100-1 O SIMILAR. | C46: Insumos | D46: UND | E46: =ROUNDUP(H46*(1+$H$1),0) -> 21671 | F46: 17310 | G46: 0.19 | H46: 20599
A47: I59 | B47: CEPILLERO EN PORCELANA TIPO ESPACIO DE CORONA REF. 04250100-1 O SIMILAR. | C47: Insumos | D47: UND | E47: =ROUNDUP(H47*(1+$H$1),0) -> 33790 | F47: 26991 | G47: 0.19 | H47: 32119
A48: I60 | B48: COMBO LAGUNA BALTA BLANCO: SANITARIO, LAVAMANOS SIN PEDESTAL, GRIFERÍA Y ACCESORIOS DE CORONA O SIMILAR. | C48: Insumos | D48: UND | E48: 402900 | I48: CORONA
A49: I61 | B49: COMBO LAGUNA BALTA BLANCO: SANITARIO, LAVAMANOS CON PEDESTAL, GRIFERÍA Y ACCESORIOS DE CORONA O SIMILAR. | C49: Insumos | D49: UND | E49: 449900 | I49: CORONA
A50: I62 | B50: GRIFERIA PARA LAVAMANOS TEMPORIZADOR INCLINADA SENSI DACQUA | C50: Insumos | D50: UND | E50: 175900 | I50: HOMECENTER
A51: I63 | B51: GRIFERÍA LAVAMANOS ANTIVANDÁLICO CON PICO EXPUESTO REF:701310001 CORONA O SIMILAR | C51: Insumos | D51: UND | E51: =ROUNDUP(H51*(1+$H$1),0) -> 540957 | F51: 432115 | G51: 0.19 | H51: 514217
A52: I65 | B52: SANITARIO LAGUNA BLANCO DE CORONA O SIMILAR (INCLUYE SANITARIO, TAPA, TANQUE, ACCESORIOS DE CONEXIÓN E INSTALACIÓN.) | C52: Insumos | D52: UND | E52: 247900
A53: I66 | B53: CONJUNTO SANITARIO TIPO MONTECARLO ELONGADO COLOR BLANCO REF. 02641100-1 DE CORONA O SIMILAR (INCLUYE SANITARIO ONE PIECE, TAPA, GRIFERIA, ACCESORIOS DE CONEXIÓN E INSTALACIÓN.) | C53: Insumos | D53: UND | E53: =ROUNDUP(H53*(1+$H$1),0) -> 726633 | F53: 580433 | G53: 0.19 | H53: 690715
A54: I67 | B54: SANITARIO TIPO ERIE DE COLGAR BAJO CONSUMO TIPO PUSH ANTIVANDÁLICO COLOR BLANCO, COLGADO AL MURO CON SIFÓN OCULTO CORONA O SIMILAR, CORONA O SIMILAR. INCLUYE GRIFERIA PUSH | C54: Insumos | D54: UND | E54: 1955900 | I54: HOMECENTER
A55: I69 | B55: DUCHA MEZCLADORA CROMADA 8" TIPO GALAXIA DE GRIVAL SIN SALIDA BAÑERA REF. 50400001 O SIMILAR (INCLUYE UNIVERSAL, MEZCLADOR Y REGADERA) | C55: Insumos | D55: UND | E55: 152900
A56: I70 | B56: DUCHA ANTIVANDÁLICA CON REGADERA TUBULAR REF: 754000001 CORONA O SIMILAR | C56: Insumos | D56: UND | E56: =ROUNDUP(H56*(1+$H$1),0) -> 243128 | F56: 194210 | G56: 0.19 | H56: 231110
A57: I71 | B57: DUCHA SENCILLA GALAXIA REF. 50430001 TIPO GRIVAL O SIMILAR. (INCLUYE UNIVERSAL Y REGADERA) | C57: Insumos | D57: UND | E57: =ROUNDUP(H57*(1+$H$1),0) -> 59493 | F57: 47523 | G57: 0.19 | H57: 56552
A58: I72 | B58: GANCHOS EN PORCELANA TIPO ELITE REF. 06170100-1 DE CORONA O SIMILAR. (JUEGO DE 2 UND) | C58: Insumos | D58: JUEGO | E58: =ROUNDUP(H58*(1+$H$1),0) -> 35460 | F58: 28325 | G58: 0.19 | H58: 33707
A59: I73 | B59: GANCHOS EN PORCELANA TIPO ESPACIO REF. 04270100-1 DE CORONA O SIMILAR. (JUEGO DE 2 UND) | C59: Insumos | D59: JUEGO | E59: =ROUNDUP(H59*(1+$H$1),0) -> 30259 | F59: 24171 | G59: 0.19 | H59: 28763
A60: I74 | B60: JABONERA DUCHA EN PORCELANA TIPO ELITE REF. 06110100-1 DE CORONA O SIMILAR. | C60: Insumos | D60: UND | E60: =ROUNDUP(H60*(1+$H$1),0) -> 39406 | F60: 31477 | G60: 0.19 | H60: 37458
A61: I75 | B61: JABONERA DUCHA EN PORCELANA TIPO ESPACIO REF. 04210100-1 DE CORONA O SIMILAR. | C61: Insumos | D61: UND | E61: =ROUNDUP(H61*(1+$H$1),0) -> 19701 | F61: 15737 | G61: 0.19 | H61: 18727
A62: I76 | B62: JABONERA LAVAMANOS EN PORCELANA TIPO ELITE REF. 06130100-1 DE CORONA O SIMILAR. | C62: Insumos | D62: UND | E62: =ROUNDUP(H62*(1+$H$1),0) -> 29550 | F62: 23604 | G62: 0.19 | H62: 28089
A63: I77 | B63: JABONERA LAVAMANOS EN PORCELANA TIPO ESPACIO REF. 04230100-1 DE CORONA O SIMILAR. | C63: Insumos | D63: UND | E63: =ROUNDUP(H63*(1+$H$1),0) -> 35918 | F63: 28691 | G63: 0.19 | H63: 34142
A64: I78 | B64: JUEGO INCRUSTACIONES X 6 UND TIPO ELITE PORCELANA DE CORONA REF.06610100-1 O SIMILAR (PAPELERA, JABONERA LAVAMANOS, 2 GANCHOS, CEPILLERA, JABONERA DUCHA Y TOALLERO). | C64: Insumos | D64: UND | E64: =ROUNDUP(H64*(1+$H$1),0) -> 124775 | F64: 99670 | G64: 0.19 | H64: 118607
A65: I79 | B65: JUEGO INCRUSTACIONES X 4 UND TIPO PORCELANA DE CORONA-1 O SIMILAR (JABONERA LAVAMANOS, 2 GANCHOS, CEPILLERA, JABONERA DUCHA Y TOALLERO). | C65: Insumos | D65: UND | E65: =ROUNDUP(H65*(1+$H$1),0) -> 124775 | F65: 99670 | G65: 0.19 | H65: 118607
A66: I80 | B66: JUEGO INCRUSTACIONES X 6 UND TIPO ESPACIO PORCELANA DE CORONA REF.04400100-1 O SIMILAR (PAPELERA, JABONERA LAVAMANOS, 2 GANCHOS, CEPILLERA, JABONERA DUCHA Y TOALLERO). | C66: Insumos | D66: UND | E66: =ROUNDUP(H66*(1+$H$1),0) -> 202054 | F66: 161400 | G66: 0.19 | H66: 192066
A67: I81 | B67: KIT GRIFERIA LAVAPLATOS SENCILLO GALAXIA CROMO REF. 50960 GRIVAL O SIMILAR (INCLUYE SIFON EN P, CANASTILLA 4" Y GRIVALFLEX) | C67: Insumos | D67: UND | E67: =ROUNDUP(H67*(1+$H$1),0) -> 92404 | F67: 73812 | G67: 0.19 | H67: 87836
A68: I82 | B68: LAVAMANOS SOBREPONER LINEA MARSELLA COLOR BLANCO DE CORONA REF. .13011000 O SIMILAR. | C68: Insumos | D68: UND | E68: 224900
A69: I83 | B69: LAVAMANOS SOBREPONER LINEA STILO COLOR BLANCO DE CORONA REF. 072591001 O SIMILAR. | C69: Insumos | D69: UND | E69: =ROUNDUP(H69*(1+$H$1),0) -> 295539 | F69: 236076 | G69: 0.19 | H69: 280930
A70: I84 | B70: LAVAMANOS NOVARA DE SOBREPONER (INCLUYE ACCESORIOS) TIPO CORONA O SIMILAR. | C70: Insumos | D70: UND | E70: =ROUNDUP(H70*(1+$H$1),0) -> 286869 | F70: 229150 | G70: 0.19 | H70: 272689
A71: I85 | B71: LAVAPLATOS DE EMPOTRAR DOBLE EN ACERO INOXIDABLE - TIPO SOCODA O SIMILAR - DIMENSIONES 81 X 51 CM. | C71: Insumos | D71: UND | E71: =ROUNDUP(H71*(1+$H$1),0) -> 295539 | F71: 236076 | G71: 0.19 | H71: 280930
A72: I86 | B72: LAVAPLATOS DE EMPOTRAR EN ACERO INOXIDABLE - TIPO SOCODA O SIMILAR - DIMENSIONES 45 X 49 CM. | C72: Insumos | D72: UND | E72: =ROUNDUP(H72*(1+$H$1),0) -> 226579 | F72: 180991 | G72: 0.19 | H72: 215379
A73: I90 | B73: KIT ORINAL MEDIANO CON VÁLVULA PUSH DE EMPOTRAR CORONA O SIMILAR | C73: Insumos | D73: UND | E73: 702200
A74: I91 | B74: ORINAL TIPO GOTTA BAJO CONSUMO 0,5 LPF SIFON OCULTO TIPO + GRIFERIA TIPO PUSH ANTIVANDALICA, CORONA O SIMILAR | C74: Insumos | D74: UND | E74: =ROUNDUP(H74*(1+$H$1),0) -> 887002 | F74: 708535 | G74: 0.19 | H74: 843157
A75: I92 | B75: PAPELERA EN PORCELANA TIPO ELITE REF. 06140100-1 DE CORONA O SIMILAR. | C75: Insumos | D75: UND | E75: =ROUNDUP(H75*(1+$H$1),0) -> 33497 | F75: 26757 | G75: 0.19 | H75: 31841
A76: I93 | B76: PAPELERA EN PORCELANA TIPO ESPACIO REF. 04240100-1 TIPO CORONA O SIMILAR. | C76: Insumos | D76: UND | E76: =ROUNDUP(H76*(1+$H$1),0) -> 38964 | F76: 31124 | G76: 0.19 | H76: 37038
A77: I94 | B77: KIT SANITARIO PARA DISCAPACITADO ELONGADO SIN ASIENTO COLOR BLANCO DE CONEXIÓN POR ENCIMA LINEA ADRIATICA DE CORONA. CON FLUXÓMETRO DE PALANCA | C77: Insumos | D77: UND | E77: 1965900 | I77: HOMECENTER 2025
A78: I95 | B78: KIT TAZA BÁLTICA PLUS ENTRADA POSTERIOR CON VÁLVULA PUSH DE EMPOTRAR | C78: Insumos | D78: UND | E78: 1409300 | I78: CORONA
A79: I96 | B79: SECADOR ELECTRICO PARA MANOS LIBRES EN ACERO INOXIDABLE 304 SATINADO TIPO ACCESORIOS & ACABADOS REF. 1 AA 1318 O SIMILAR. | C79: Insumos | D79: UND | E79: =ROUNDUP(H79*(1+$H$1),0) -> 1126993 | F79: 900240 | G79: 0.19 | H79: 1071286
A80: I97 | B80: SIFON P PARA ORINAL SANTA FÉ TIPO GRIVAL REF.. 93301 O SIMILAR | C80: Insumos | D80: UND | E80: =ROUNDUP(H80*(1+$H$1),0) -> 14758 | F80: 11788 | G80: 0.19 | H80: 14028
A81: I98 | B81: TOALLERO EN PORCELANA TIPO ELITE REF. 09190100-1 DE CORONA O SIMILAR. | C81: Insumos | D81: UND | E81: =ROUNDUP(H81*(1+$H$1),0) -> 26005 | F81: 20772 | G81: 0.19 | H81: 24719
A82: I99 | B82: TOALLERO EN PORCELANA TIPO ESPACIO REF. 04290100-1 DE CORONA O SIMILAR. | C82: Insumos | D82: UND | E82: =ROUNDUP(H82*(1+$H$1),0) -> 37696 | F82: 30111 | G82: 0.19 | H82: 35832
A83: I100 | B83: VALVULA ANTIVANDALICA PARA ORINAL | C83: Insumos | D83: UND | E83: =ROUNDUP(H83*(1+$H$1),0) -> 203786 | F83: 162783 | G83: 0.19 | H83: 193712
A84: I101 | B84: VALVULA ANTIVANDALICA PARA SANITARIO ALTA PRESION TIPO DOCOL REF. 4 AA 01051300 O SIMILAR. | C84: Insumos | D84: UND | E84: =ROUNDUP(H84*(1+$H$1),0) -> 313276 | F84: 250244 | G84: 0.19 | H84: 297790
A85: I103 | B85: DISPENSADOR PARA JABON LIQUIDO MARCA A&A CUERPO EN ACERO INOXIDABLE CAPACIDAD 1.2 LITROS. REF 8-AA-600 | C85: Insumos | D85: UND | E85: =ROUNDUP(H85*(1+$H$1),0) -> 144443 | F85: 115381 | G85: 0.19 | H85: 137303
A86: I104 | B86: DISPENSADOR PARA JABON LIQUIDO PARA INSTALAR EN MESON PICO EN ACERO INOXIDABLE TIPO 304 DE 6* DE LARGO GIRATORIO, TANQUE Y VASTAGO EN ABS DE INGENIERIA, CAP. 1 LITRO, MARCA BOBRICK REF. 3AA-8226 | C86: Insumos | D86: UND | E86: =ROUNDUP(H86*(1+$H$1),0) -> 252321 | F86: 201553 | G86: 0.19 | H86: 239848
A87: I105 | B87: SECADOR ELECTRICO PARA MANOS TIPO MANOS LIBRES, CARCAZA OVALADA METALICA ACERO INOXIDABLE 304 SARTINADO CALIBRE REF AA -1800SRA 1.2MM MOTOR SIN ESCOBILLAS, RANGO DE DETENCION DEL SENSOR AJUSTABLE DE 10 A 30 CMS APAGADO AUTOMATICO DESPUES DE 2 MINUTOS DE USO CONTINUO. MARCA A&A REF AA -1800SRA | C87: Insumos | D87: UND | E87: =ROUNDUP(H87*(1+$H$1),0) -> 1045846 | F87: 835420 | G87: 0.19 | H87: 994150
A88: I106 | B88: SECADOR PARA MANOS, MANOS LIBRES CARCAZA ACERO INOXIDABLE BRILLANTE, RANGO DE DETENCION DE 10 A 30 CMS AJUSTABLE, VELOCIDAD DE SALIDA DE AIRE AJUSTABLE DE 75 A 100 M/S. LUZ DEL SENSOR DE DETENCION COLOR AZUL. MEDIDAS 205 MM WX287 MMH X 180 MM D. MARCA A&A REF 1-AA-JA04 | C88: Insumos | D88: UND | E88: =ROUNDUP(H88*(1+$H$1),0) -> 1736988 | F88: 1387503 | G88: 0.19 | H88: 1651129
A89: I107 | B89: PROTECTOR PARA PAPEL HIGIENICO DE SOBREPONER EN LA PARED EN ACERO INOXIDABLE 304 SATINADO, PARA ROLLO DE 200/400 MTS CERRADURA CON LLAVE, IMPORTADO MARCA A&A. | C89: Insumos | D89: UND | E89: =ROUNDUP(H89*(1+$H$1),0) -> 179183 | F89: 143131 | G89: 0.19 | H89: 170326
A90: I108 | B90: BARRA DE SEGURIDAD DE PARED A PISO EN ACERO INOXIDABLE SATINADO CON TORNILLOS ESCONDIDOS PARA INSTALAR DERECHA A IZQUIERDA MARCA A &A REF. 8-AA-506 | C90: Insumos | D90: UND | E90: =ROUNDUP(H90*(1+$H$1),0) -> 402248 | F90: 321315 | G90: 0.19 | H90: 382365
... A135: I166 | B135: LÁMINA GALVANIZADA CAL. 18 (1.22 X 2.44 M). | C135: Insumos | D135: UND | E135: =ROUNDUP(H135*(1+$H$1),0) -> 205695 | F135: 164308 | G135: 0.19 | H135: 195527
A136: I167 | B136: LAMINA GALVANIZADA CAL. 20 TIPO ACESCO O SIMILAR. | C136: Insumos | D136: M2 | E136: 47660 | I136: GyJ
A137: I169 | B137: MALLA ESLABONADA 21/4*21/4 *2 MTS | C137: Insumos | D137: M2 | E137: =ROUNDUP(H137*(1+$H$1),0) -> 20687 | F137: 16524 | G137: 0.19 | H137: 19664
A138: I170 | B138: CONCERTINA DIAMETRO 18" ESPIRAL ESPACIADO CADA 20 INCLUYE CABLE GALVANIZADO SUPER GX DE 1/8 Y PERROS DE SUJECION 3/16 | C138: Insumos | D138: M | E138: =ROUNDUP(H138*(1+$H$1),0) -> 36446 | F138: 29113 | G138: 0.19 | H138: 34644
A139: I171 | B139: MARCO METALICO PUERTAS E= 12 CM MONTANTE REJILLA. H=0.30 M. EN LÁMINA GALVANIZADA CAL. 18 PARA HOJA DE PUERTA CON ANCHO 0.51 A 0.75 M. Y ALTURA 2.11 A 2.40 M. (SUMINISTRO). | C139: Insumos | D139: UND | E139: =ROUNDUP(H139*(1+$H$1),0) -> 378989 | F139: 302735 | G139: 0.19 | H139: 360255
A140: I172 | B140: MARCO METALICO PUERTAS E= 12 CM MONTANTE REJILLA. H=0.30 M. EN LÁMINA GALVANIZADA CAL. 18 PARA HOJA DE PUERTA CON ANCHO 0.76 A 1.10 M. Y ALTURA 2.11 A 2.40 M. (SUMINISTRO). | C140: Insumos | D140: UND | E140: =ROUNDUP(H140*(1+$H$1),0) -> 444878 | F140: 355367 | G140: 0.19 | H140: 422887
A141: I173 | B141: MARCO METALICO PUERTAS E= 12 CM MONTANTE REJILLA EN LÁMINA CR. H=0.30 M. EN LÁMINA GALVANIZADA CAL. 18 PARA HOJA DE PUERTA CON ANCHO 0.51 A 0.75 M. Y ALTURA 1.80 A 2.10 M. (SUMINISTRO). | C141: Insumos | D141: UND | E141: =ROUNDUP(H141*(1+$H$1),0) -> 349263 | F141: 278991 | G141: 0.19 | H141: 331999
A142: I174 | B142: MARCO METALICO PUERTAS E= 12 CM MONTANTE REJILLA EN LÁMINA CR. H=0.30 M. EN LÁMINA GALVANIZADA CAL. 18 PARA HOJA DE PUERTA CON ANCHO 0.76 A 1.10 M. Y ALTURA 1.80 A 2.10 M. (SUMINISTRO). | C142: Insumos | D142: UND | E142: =ROUNDUP(H142*(1+$H$1),0) -> 415151 | F142: 331622 | G142: 0.19 | H142: 394630
A143: I175 | B143: MARCO METALICO PUERTAS E= 12 CM MONTANTE VIDRIO 4 MM. H=0.30 M. EN LÁMINA GALVANIZADA CAL. 18 PARA HOJA DE PUERTA CON ANCHO 0.51 A 0.75 M. Y ALTURA 1.80 A 2.10 M. (SUMINISTRO). | C143: Insumos | D143: UND | E143: =ROUNDUP(H143*(1+$H$1),0) -> 327579 | F143: 261669 | G143: 0.19 | H143: 311386
A144: I176 | B144: MARCO METALICO PUERTAS E= 12 CM MONTANTE VIDRIO 4 MM. H=0.30 M. EN LÁMINA GALVANIZADA CAL. 18 PARA HOJA DE PUERTA CON ANCHO 0.51 A 0.75 M. Y ALTURA 2.11 A 2.40 M. (SUMINISTRO). | C144: Insumos | D144: UND | E144: =ROUNDUP(H144*(1+$H$1),0) -> 357305 | F144: 285414 | G144: 0.19 | H144: 339643
...

Sheet PRESUPUESTO CT
C3: Formulario 1 - Propuesta económica - Documento tipo de selección abreviada de menor cuantía - versión 2
C4: Código | D4: CCE-EICP-FM-25
C5: FORMULARIO 1
C6: PRESUPUESTO OFICIAL
C7: [La entidad puede utilizar este formulario de detalle del presupuesto oficial para determinar las condiciones bajo las cuales los proponentes analizarán y presentarán su propuesta económica de forma detallada, sin perjuicio que la entidad pueda modificarlo o establecer la presentación de la oferta económica con un formulario distinto al indicado.]
C9: Adicionalmente, cuando el proceso de contratación es estructurado por precios unitarios, la Entidad debe aplicar las notas 1, 2 y 3 del presente formulario y las casillas de "Descripción", "Porcentaje" de la Administración, Imprevisto, Utilidad y total A.U. resaltadas en colo amarillo. Tratándose de otras modalidades de precio, la Entidad puede o no configurar los mismos aspectos.
C10: CISCO AMERICAS
C11: No | D11: ITEM DE PAGO | E11: DESCRIPCION | F11: UND. | G11: CANTIDAD | H11: VALOR UNITARIO | I11: VALOR TOTAL
C13: CAPITULO 1 - NUEVO CISCO LAS AMERICAS
E14: PRELIMINARES
D15: 001.001 | E15: LOCALIZACION Y REPLANTEO EDIFICIO | F15: M2 | G15: 400
D16: 001.046 | E16: SUMINISTRO, TRANSPORTE E INSTALACION CAMPAMENTO PROVISIONAL CON PISO EN PLACA DE CONCRETO DE 2500 PSI E=8CM Y MALLA ELECTROSOLDADA 15X15 4,0MM | F16: M2 | G16: 36
D17: 001.049 | E17: SUMINISTRO, TRANSPORTE E INSTALACIÓN CERRAMIENTO EN YUTE H= 2 M | F17: ML | G17: 71.6
D18: 001.050 | E18: INSTALACION PROVISIONAL DE ACUEDUCTO | F18: UND | G18: 5
D19: 001.051 | E19: INSTALACION PROVISIONAL DE ENERGIA | F19: UND | G19: 5
D20: 001.087 | E20: AVISOS DE SEÑALIZACION TEMPORAL PARA IMPLEMENTACIÓN DE PMT | F20: UND | G20: 20
D21: X | E21: DEMOLICION INCLUYE (DESMANTELAMIENTO, DEMOLICION MANUAL, DEMOLICION MECANICA, TRANSPORTE DE ESCOMBROS Y DISPOSICION FINAL EN ESCOMBERA AUTORIZADA | F21: GL | G21: 1
E23: MOVIMIENTO DE TIERRAS
D24: 002.001 | E24: EXCAVACIÓN EN ZANJA - MATERIAL COMÚN - 0.0 A 2.0 M | F24: M3 | G24: 179
D25: 002.010 | E25: EXCAVACIÓN PARA ESTRUCTURAS - MATERIAL COMÚN - 0.0 A 2.0 M | F25: M3 | G25: 23
D26: 002.016 | E26: EXCAVACIÓN A CIELO ABIERTO - MATERIAL COMÚN - 0.0 A 2.0 M | F26: M3 | G26: 370
D27: 002.033 | E27: LLENO COMPACTADO MUROS DE CONTENCION INCLUYE GEOTEXTIL Y TUBODRENANTE | F27: M3 | G27: 48
D28: 002.050 | E28: RELLENO EN MATERIAL SELECCIONADO PROVENIENTE DE LA EXCAVACION (CANGURO) | F28: M3 | G28: 500
D29: 002.086 | E29: RETIRO DE MATERIAL SOBRANTE EN VOLQUETA, CARGUE MECANICO, DISPOSICIÓN EN BOTADERO (HASTA 25 KM) | F29: M3-Suelto | G29: 550
E31: CIMIENTOS
D32: 002A.003 | E32: SUMINISTRO, TRANSPORTE E INSTALACION SOLADO DE LIMPIEZA 2.000 PSI E = 5 CM | F32: M2 | G32: 100
D33: 002A.004 | E33: SUMINISTRO, TRANSPORTE E INSTALACION ZAPATA CONCRETO 3000 PSI | F33: M3 | G33: 15
D34: 002A.005 | E34: SUMINISTRO, TRANSPORTE E INSTALACION VIGA CIMENTACION CONCRETO 3000 PSI | F34: M3 | G34: 15.18
D35: 002A.008 | E35: SUMINISTRO, TRANSPORTE E INSTALACION ZARPA PARA MURO DE CONTENCION CONCRETO 3000 PSI | F35: M3 | G35: 48
D36: 002A.014 | E36: SUSTITUCION CON AFIRMADO COMPACTADO CON CILINDRO | F36: M3 | G36: 180
E38: DESAGUES E INSTALACIONES SANITARIAS
D39: 003.013 | E39: SUMINISTRO, TRANSPORTE E INSTALACION PUNTO DESAGUE PVC 2" APARATOS SANITARIOS Y DESAGUES (INCLUYE CODO, YEE Y ACCESORIOS) | F39: UND | G39: 14
D40: 003.015 | E40: SUMINISTRO, TRANSPORTE E INSTALACION PUNTO DESAGUE PVC 4" APARATOS SANITARIOS (INCLUYE CODO, YEE Y ACCESORIOS) | F40: UND | G40: 12
D41: 003.016 | E41: SUMINISTRO, TRANSPORTE E INSTALACION PUNTO DESAGUE PVC 3" AGUAS LLUVIAS (INCLUYE CODO, YEE Y ACCESORIOS) | F41: UND | G41: 20
D42: 003.024 | E42: SUMINISTRO, TRANSPORTE E INSTALACION TUBERIA PVC-S 3" (VENTILACION Y AGUAS LLUVIAS, INCLUYE ACCESORIOS) | F42: ML | G42: 78
D43: 003.025 | E43: SUMINISTRO, TRANSPORTE E INSTALACION TUBERIA PVC-S 4" (VENTILACION Y AGUAS LLUVIAS, INCLUYE ACCESORIOS) | F43: ML | G43: 178
D44: 003.063 | E44: SUMINISTRO, TRANSPORTE E INSTALACION CARCAMO A=0.30 M. H=0.20 M. CON REJILLA PREFABRICADA (INCLUYE REJILLA PREFABRICADA CONCRETO) | F44: ML | G44: 57
D45: 003.108 | E45: SUMINISTRO, TRANSPORTE E INSTALACION SANITARIO INSTITUCIONAL DE TAZA BÁLTICA DE ENTRADA POSTERIOR REFERENCIA 113121001 CORONA O SIMILAR VÁLVULA ANTIBANDÁLICA DE BAJO CONSUMO. INCLUYE PUSH GLIFERÍA Y DEMÁS ELEMENTOS PARA SU CORRECTA INSTALACIÓN Y FUNCIONAMIENTO. | F45: UND | G45: 10
D46: 003.140 | E46: SUMINISTRO, TRANSPORTE E INSTALACION DE TRAGANTE DE AGUAS LLUVIAS 4X3" | F46: UND | G46: 8
E48: PISOS-BASES-RELLENOS
D49: 004.005 | E49: SUMINISTRO, TRANSPORTE E INSTALACION SUB BASE COMPACTADA CON RANA | F49: M3 | G49: 120
E51: ESTRUCTURAS METALICAS, DE CONCRETO Y DE MADERA
D52: 005.001 | E52: SUMINISTRO, TRANSPORTE E INSTALACION MALLA ELECTROSOLDADA CUALQUIER REFERENCIA (INCLUYE ALAMBRE NEGRO, COLOCACIÓN Y TRASLAPO). | F52: KG | G52: 3000
D53: 005.011 | E53: SUMINISTRO, TRANSPORTE E INSTALACION PLACA CONTRAPISO CONCRETO 3000 PSI E=0.10 M | F53: M2 | G53: 450
D54: 005.044 | E54: SUMINISTRO, TRANSPORTE E INSTALACION ALFAJIAS EN CONCRETO 3000 PSI A=0.25 M | F54: ML | G54: 80
D55: 005.049 | E55: SUMINISTRO, TRANSPORTE E INSTALACION MESON EN CONCRETO 3000 PSI E=0,07 M ANCHO=0,60M( INCLUYE REFUERZO, ACERO NO. 3 EN AMBAS DIRECCIONES @ 0,15M, MURO EN LADRILLO Y REVOQUE) | F55: ML | G55: 10
D56: 005.073 | E56: SUMINISTRO, TRANSPORTE E INSTALACION ESTRUCTURA METÁLICA EN PERFIL LÁMINA DELGADA PHR ASTM A500 GRADO 50. CALIBRE SEGÚN DISEÑO (INCLUYE VIGAS, CERCHAS, CORREAS, ANTICORROSIVO Y ESMALTE) | F56: KG | G56: 2200
D57: 005.105 | E57: SUMINISTRO, TRANSPORTE E INSTALACION COLUMNAS CONCRETO 3000 PSI | F57: M3 | G57: 10
D58: 005.110 | E58: SUMINISTRO, TRANSPORTE E INSTALACIÓN DE CINTAS DE AMARRE EN CONCRETO DE 3000 PSI DE 0,15*0,15 (INCLUYE ACERO DE REFUERZO) | F58: ML | G58: 120
D59: 005.112 | E59: SUMINISTRO, TRANSPORTE E INSTALACIÓN DE ACERO DE REFUERZO FY = 60.000 PSI = 420 MPA (INCLUYE NALAMBRE NEGRO Y FIGURACIÓN) | F59: KG | G59: 14000
E61: MAMPOSTERIA
D62: 006.046 | E62: SUMINISTRO, TRANSPORTE E INSTALACIÓN A TODO COSTO DE MURO EN SUPERBOARD 10 MM PINTADO Y TERMINADO (DOS CARAS). INCLUYE PERFILERÍA Y TODO LO NECESARIO PARA SU CORRECTA INSTALACIÓN | F62: M2 | G62: 700
D63: 006.053 | E63: SUMINISTRO, TRANSPORTE E INSTALACION MURO EN BLOQUE Nº5 ARCILLA 30*20*12 CM. | F63: M2 | G63: 500
D64: 006.059 | E64: SUMINISTRO, TRANSPORTE E INSTALACIÓN A TODO COSTO DE MURO EN SUPERBOARD 8 MM PINTADO Y TERMINADO (UNA CARA). INCLUYE PERFILERÍA Y TODO LO NECESARIO PARA SU CORRECTA INSTALACIÓN | F64: M2 | G64: 100
E66: INSTALACIONES HIDRAULICAS
D67: 007.010 | E67: SUMINISTRO, TRANSPORTE E INSTALACION CHEQUE ROSCADO RED WHITE 3/4" (INCLUYE UNIVERSAL). | F67: UND | G67: 1
D68: 007.017 | E68: SUMINISTRO, TRANSPORTE E INSTALACION PUNTO AGUA FRIA 1/2" PVC -P ( INCLUYE ACCESORIOS DE INSTALACIÓN ) | F68: UND | G68: 26
D69: 007.022 | E69: SUMINISTRO, TRANSPORTE E INSTALACION TUBERIA PVC-P RDE 9 1/2" AGUA FRIA ( RED DE SUMINISTRO ) INCLUYE ACCESORIOS | F69: ML | G69: 60
D70: 007.023 | E70: SUMINISTRO, TRANSPORTE E INSTALACION TUBERIA PVC-P RDE 11 3/4" AGUA FRIA ( RED DE SUMINISTRO ) INCLUYE ACCESORIOS | F70: ML | G70: 18
D71: 007.024 | E71: SUMINISTRO, TRANSPORTE E INSTALACION TUBERIA PVC-P RDE 13.5 1" AGUA FRIA (RED DE SUMINISTRO) INCLUYE ACCESORIOS | F71: ML | G71: 10
D72: 007.030 | E72: SUMINISTRO, TRANSPORTE E INSTALACION TUBERIA PVC-P RDE 21 4" AGUA FRIA (RED DE SUMINISTRO) INCLUYE ACCESORIOS | F72: ML | G72: 40
D73: 007.075 | E73: SUMINISTRO, TRANSPORTE E INSTALACION MEDIDORES AGUA 3/4" (INCLUYE CAJA DE 60*60*14) | F73: UND | G73: 1
D74: 007.078 | E74: SUMINISTRO, TRANSPORTE E INSTALACION ACOMETIDA AGUA PRESION PVC 1 ". INCLUYE ACCESORIOS. | F74: ML | G74: 8
D75: 007.109 | E75: SUMINISTRO, TRANSPORTE E INSTALACION DE GABINETE CONTRA INCENDIOS COMPLETO TIPO 3, INCLUYE VALVUA | F75: UND | G75: 2
D76: 007.114 | E76: SUMINISTRO, TRANSPORTE E INSTALACIÓN DE MEDIDOR VOLUMÉTRICO DE 1" | F76: UND | G76: 4
D77: 007.115 | E77: MONTAJE DE TANQUE AGUA POTABLE CAP. 1.000 LTS, INCLUYE: ACCESORIOS NECESARIOS Y ANDAMIOS. | F77: UND | G77: 3
D78: 007.116 | E78: SUMINISTRO, TRANSPORTE E INSTALACION LAVAMANOS DE EMPOTRAR LINEA SAN LORENZO COLOR BLANCO DE CORONA REF: O19001001 O SIMILAR. (INCLUYE ELEMENTOS DE GRIFERÍA PARA INSTALACIÓN). | F78: UND | G78: 6
... D83: 024.176 | E83: SUMINISTRO, TRANSPORTE E INSTALACIÓN DE TAPA EN CONCRETO PARA CÁMARA DE INSPECCIÓN DE 80X80CM. INCLUYE MARCO Y CONTRAMARCO EN ÁNGULO DE 2"X2"X3/16", ACERO DE REFUERZO Y AGARRADERA EN VARILLA. | F83: UND | G83: 1
E85: ELECTRICO NUEVO
D86: 08B.111 | E86: SUMINISTRO E INSTALACION DE TABLERO DE 12 CIRCUITOS 2F4H, CON PUERTA. BARRAJE PARA 200A BARRA NEUTRO Y BARRA TIERRA CALIDAD LEGRAND, SIEMENS, SQARED O SUPERIOR DE MARCA RECONOCIDA Y HOMOLOGADA POR EL CIDET | F86: UND | G86: 2
D87: 08B.840 | E87: SUMINISTRO, TRANSPORTE E INSTALACION DE BREAKER 1 X 30 AMP | F87: UND | G87: 15
D88: 08B.134 | E88: SUMINISTRO E INSTALACION DE INTERRUPTOR ENCHUFABLE 2X60A. CALIDAD LEGRAND, SIEMENS, SQARED O SUPERIOR DE MARCA RECONOCIDA Y HOMOLOGADA POR EL CIDET | F88: UND | G88: 1
D89: 08B.040 | E89: SUMINISTRO E INSTALACION DE TUBERIA CONDUIT PVC 1_1/2". | F89: ML | G89: 46
D90: 08B.029 | E90: SUMINISTRO, TRANSPORTE E INSTALACION ACOMETIDA 2F4H CU THHN/THWN EN CABLE 2X4AWG + 4AWG (N) + DESNUDO 6 AWG (T). NO INCLUYE CONDULINADO. | F90: ML | G90: 55
D91: 08B.031 | E91: SUMINISTRO, TRANSPORTE E INSTALACION ACOMETIDA 2F4H CU THHN/THWN EN CABLE 2X8AWG + 8AWG (N) + DESNUDO 8 AWG (T). NO INCLUYE CONDULINADO. | F91: ML | G91: 23
D92: 08B.330 | E92: SUMINISTRO, TRANSPORTE E INSTALACION DE LUMINARIA DE EMPOTRAR TIPO PANEL LED CUADRADO 60 X 60, 48W BLANCO OPAL. INCLUYE DRIVER SC CLAVIJA Y TODOS LOS ACCESORIOS PARA SU CORRECTA INSTALACIÓN Y MONTAJE | F92: UND | G92: 55
D93: 08B.247 | E93: SUMINISTRO, TRANSPORTE E INSTALACION SUMINISTRO E INSTALACIÓN DE LUMINARIA DE EMPOTRAR TIPO BALA PANEL LED REDONDO, 14W BLANCO OPAL. 1200LM . INCLUYE DRIVER SC | F93: UND | G93: 18
D94: 08B.266 | E94: SUMINISTRO, TRANSPORTE E INSTALACION LUMINARIA PANEL LED DE INCRUSTAR-REF. 9PULG-24W TIPO PALNETA O SIMILAR | F94: UND | G94: 21
D95: 08B.987 | E95: SUMINISTRO E INSTALACIÓN DE LUMINARIA LED 40W SPRING DECORATIVA, MONTAJE VERTICAL , INCLUYE: LUMINARIA, POSTE METÁLICO 3 MTS PINTURA HORNEADA, FOTOCELDA, CAJA PLÁSTICA 4"X4", ADPATADOR PVC 3/4", CURVA PVC 3/4", CÓDIGO DE COLORES Y ACCESORIOS. | F95: UND | G95: 20
D96: 08B.246 | E96: SUMINISTRO, TRANSPORTE E INSTALACION AVISO SEÑALIZADOR SALIDA DE EMERGENCIA COLOR VERDE (NO INCLUYE DUCTO NI CABLEADO) | F96: UND | G96: 9
D97: 08B.451 | E97: SUMINISTRO, TRANSPORTE E INSTALACIÓN LUMINARIA EMERGENCIA R1 - SYLVANIA O SIMILAR | F97: UND | G97: 27
... D121: 08B.1000 | E121: SUMINISTRO E INSTALACIÓN DE ESTRUCTURA DE FINAL BT, INCLUYE: POSTE 8 MTS X 510 KGF, CÁMARA EN CONCRETO CS276, AISLADOR TENSOR, VIENTO, MUERTO EN CONCRETO, CRUCETERIA, HERRAJERIA, Y ACCESORIOS. | F121: UND | G121: 1
E123: REVOQUES-RESANES
D124: 009.001 | E124: SUMINISTRO,TRANSPORTE E INSTALACION REVOQUE LISO MUROS 1:3 INTERIOR ( INCLUYE FILOS Y DILATACIONES ) | F124: M2 | G124: 1120
E126: CUBIERTAS
D127: 010.020 | E127: SUMINISTRO, TRANSPORTE E INSTALACION CANAL EN LAMINA GALVANIZADA CAL .22 D/ 0.82 M. (SUMINISTRO E INSTALACIÓN CON WASH PRIMER + ESMALTE + ANCLAJE A MURO + SILICONA) | F127: ML | G127: 150
D128: 010.036 | E128: SUMINISTRO, TRANSPORTE E INSTALACION DE CABALLETE UPVC 2,0MM. (Incluye kit de fijación con arandela de neopreno) | F128: ML | G128: 60
D129: 010.037 | E129: SUMINISTRO, TRANSPORTE E INSTALACION TEJA CUBIERTA ARQUITECTONICA POLICARBONATO OPALIZADA PARA UPVC 5.9x1.13m o similar. (Incluye instalación, ganchos de fijación y el suministro de todos los accesorios requeridos para el correcto montaje.) | F129: M2 | G129: 550
E131: CIELO RASOS
D132: 011.005 | E132: SUMINISTRO, TRANSPORTE E INSTALACION CIELO RASO SUSPENDIDO DRYWALL JUNTA PERDIDA DE 0-0,6M (PERFILERIA METÁLICA CL. 26. ESTRUCTURA CADA 40 CMS.) INCLUYE TRES (3) MANOS DE PINTURA | F132: M2 | G132: 350
E134: PISOS-ACABADOS
D135: 012.009 | E135: SUMINISTRO, TRANSPORTE E INSTALACION CERAMICA PISO COLOR SEGUN DISEÑO HASTA $40.000 X M2 (INCLUYE BOQUILLA.) | F135: M2 | G135: 200
D136: 012.030 | E136: SUMINISTRO, TRANSPORTE E INSTALACION GUARDAESCOBA H=10CM EN CERAMICA SEGÚN DISEÑO HASTA 40,000 X M2(INCLUYE PEGANTE Y BOQUILLA) | F136: ML | G136: 220
D137: 012.096 | E137: SUMINISTRO, TRANSPORTE E INSTALACION DE PISO EN VINILO SPC (HASTA 65.000 x m2) | F137: M2 | G137: 350
D138: 012.028 | E138: SUMINISTRO, TRANSPORTE E INSTALACION GRAVILLA LAVADA Nº2 (INCLUYE DILATACIÓN PVC) | F138: M2 | G138: 10
E140: ENCHAPES Y ACCESORIOS
D141: 013.002 | E141: SUMINISTRO, TRANSPORTE E INSTALACION CERAMICA PARED COLOR SEGÚN DISEÑO HASTA $40.000 X M2. SEGÚN DISEÑO (INCLUYE BOQUILLA COLOR Y WIN.) | F141: M2 | G141: 120
E143: APARATOS SANITARIOS
D144: 015.010 | E144: SUMINISTRO, TRANSPORTE E INSTALACION ORINAL MEDIANO DE COLGAR EN PORCELANA COLOR BLANCO TIPO CORONA O SIMILAR CON VÁLVULA ANTIVÁNDALICA DE EMPOTRAR | F144: UND | G144: 2
E146: CARPINTERIA MADERA
...

Sheet Analisis AU
A1: ANALISIS DEL AIU
A3: Valor estimado de la Obra (Costo Directo). | D3: Valor | E3: 2681156779
A4: Plazo estimado de ejecución. | D4: Meses | E4: 8
A6: CAPITULO | B6: TIPO DE GASTO | C6: UN | D6: CANTIDAD. | E6: DEDICACION | F6: VLOR UNITARIO (mes) | G6: FACTOR PRESTACIONAL O FACTOR AIU (PARA INDIRECTOS) | H6: VALOR TOTAL | I6: SUMA | J6: PORCENTAJE
A7: 1 | B7: GASTOS GENERALES. | J7: =+J8 -> 0.095378205
A8: 1.1 | B8: MANO DE OBRA Y GASTOS DE OFICINA | I8: =SUM(H9:H20) -> 2.5572392e+08 | J8: =+I8/$E$3 -> 0.095378205
B9: Ingeniero Director | C9: Un | D9: 1 | E9: 0.5 | F9: 6700000 | G9: 0.6556 | H9: =+D9*E9*$E$4*F9*(1+G9) -> 44370080 | J9: =+H9/$E$3 -> 0.016548857
B10: Ingeniero Residente | C10: Un | D10: 1 | E10: 1 | F10: 4500000 | G10: 0.6556 | H10: =+D10*E10*$E$4*F10*(1+G10) -> 59601600 | J10: =+H10/$E$3 -> 0.022229808
B11: Maestro de Obra | C11: Un | D11: 1 | E11: 1 | F11: 3600000 | G11: 0.6556 | H11: =+D11*E11*$E$4*F11*(1+G11) -> 47681280 | J11: =+H11/$E$3 -> 0.017783846
B12: Residente de Salud Ocupacional | C12: Un | D12: 1 | E12: 1 | F12: 3600000 | G12: 0.6556 | H12: =+D12*E12*$E$4*F12*(1+G12) -> 47681280 | J12: =+H12/$E$3 -> 0.017783846
B13: Trabajador social | C13: Un | D13: 0 | E13: 0.2 | F13: 3600000 | G13: 0.6556 | H13: =+D13*E13*$E$4*F13*(1+G13) -> 0 | J13: =+H13/$E$3 -> 0
B14: Ingeniero Electrico Residente con prestaciones | C14: Un | D14: 1 | E14: 0.5 | F14: 4450000 | G14: 0.6556 | H14: =+D14*E14*$E$4*F14*(1+G14) -> 29469680 | J14: =+H14/$E$3 -> 0.010991405
B15: Oficina y/o campamento (Incluye Equipo de Oficina, Escritorio, pc, impresora, sillas, papeleria, consumo servicios publicos etc) | C15: Mes | D15: 1 | E15: 1 | F15: 300000 | H15: =+D15*E15*$E$4*F15*(1+G15) -> 2400000 | J15: =+H15/$E$3 -> 0.00089513602
B16: Plan de Salud ocupacional y seguridad industrial | C16: Mes | D16: 1 | E16: 0 | F16: 400000 | H16: =+D16*E16*$E$4*F16*(1+G16) -> 0 | J16: =+H16/$E$3 -> 0
B17: Sistema de gestion ambiental | C17: Mes | D17: 1 | E17: 0 | F17: 300000 | H17: =+D17*E17*$E$4*F17*(1+G17) -> 0 | J17: =+H17/$E$3 -> 0
B18: Sistema de gestion de calidad incluye ensayos de laboratorio solicitados por norma | C18: Mes | D18: 1 | E18: 1 | F18: 3000000 | H18: =+D18*E18*$E$4*F18*(1+G18) -> 24000000 | J18: =+H18/$E$3 -> 0.0089513602
B19: Costos financiero | C19: Mes | D19: 1 | E19: 1 | F19: 65000 | H19: =+D19*E19*$E$4*F19*(1+G19) -> 520000 | J19: =+H19/$E$3 -> 0.00019394614
H20: =F20 -> 0 | J20: =+H20/$E$3 -> 0
A21: 2 | B21: GASTOS INDIRECTOS. | J21: =+J22+J24+J35+J31 -> 0.20889408
A22: 2.1 | B22: LEGALIZACION. | I22: =SUM(H23:H23) -> 0 | J22: =+I22/$E$3 -> 0
B23: AIU ITERACION | G23: 1.3643 | H23: =+F23*D23*G23 -> 0
A24: 2.2 | B24: POLIZAS | I24: =SUM(H25:H29) -> 37795129 | J24: =+I24/$E$3 -> 0.014096576
B25: Anticipo | C25: % | D25: 0.0006 | E25: 0.2 | F25: =+$E$3*E25 -> 5.3623136e+08 | G25: =+$G$23 -> 1.3643 | H25: =+(((F25*G25*D25)/365)*($E$4*30+120))*1.19 -> 515192.98 | J25: =+H25/$E$3 -> 0.00019215324
B26: Cumplimiento | C26: % | D26: 0.0006 | F26: =+$E$3 -> 2681156779 | G26: =+$G$23 -> 1.3643 | H26: =+(((F26*G26*D26)/365)*($E$4*30+120))*1.19 -> 2575964.9 | J26: =+H26/$E$3 -> 0.00096076622
B27: Estabilidad | C27: % | D27: 0.0009 | F27: =+$E$3 -> 2681156779 | G27: =+$G$23 -> 1.3643 | H27: =+(((F27*G27*D27)/365)*(1825))*1.19 -> 19588066 | J27: =+H27/$E$3 -> 0.0073058265
B28: Prestaciones Sociales | C28: % | D28: 0.0005 | F28: =+$E$3 -> 2681156779 | G28: =+$G$23 -> 1.3643 | H28: =+(((F28*G28*D28)/365)*($E$4*30+1095))*1.19 -> 7960447 | J28: =+H28/$E$3 -> 0.0029690345
B29: Responsabilidad Civil | C29: % | D29: 0.0025 | F29: =+$E$3 -> 2681156779 | G29: =+$G$23 -> 1.3643 | H29: =+(((F29*G29*D29)/365)*($E$4*30+0))*1.19 -> 7155458 | J29: =+H29/$E$3 -> 0.0026687951
A31: 2.3 | B31: VALLAS Y SEÑALIZACION | I31: =SUM(H32:H34) -> 300000 | J31: =+I31/$E$3 -> 0.000111892
B32: Vallas incluye estructura de fijacion | C32: M2 | D32: 2 | E32: 150000 | F32: =E32*D32 -> 300000 | H32: =+F32 -> 300000 | J32: =+H32/$E$3 -> 0.000111892
H33: =+F33*D33 -> 0 | J33: =+H33/$E$3 -> 0
A35: 2.4 | B35: IMPUESTOS Y CONTRIBUCIONES | I35: =SUM(H36:H43) -> 5.2198264e+08 | J35: =+I35/$E$3 -> 0.19468561
B36: Contribuación Especial | C36: % | D36: 0.05 | F36: =+$E$3 -> 2681156779 | G36: =+$G$23 -> 1.3643 | H36: =+F36*D36*G36 -> 1.8289511e+08 | J36: =+H36/$E$3 -> 0.068215
B37: Estampillas para el bienestar del adulto mayor | C37: % | D37: 0.02 | F37: =+$E$3 -> 2681156779 | G37: =+$G$23 -> 1.3643 | H37: =+F37*D37*G37 -> 73158044 | J37: =+H37/$E$3 -> 0.027286
B38: Estampillas Pro - Universidades. | C38: % | D38: 0.02 | F38: =+$E$3 -> 2681156779 | G38: =+$G$23 -> 1.3643 | H38: =+F38*D38*G38 -> 73158044 | J38: =+H38/$E$3 -> 0.027286
B39: Estampilla pro cultura | C39: % | D39: 0.02 | F39: =+$E$3 -> 2681156779 | G39: =+$G$23 -> 1.3643 | H39: =+F39*D39*G39 -> 73158044 | J39: =+H39/$E$3 -> 0.027286
B40: Estampilla pro justicia familiar | C40: % | D40: 0.02 | F40: =+$E$3 -> 2681156779 | G40: =+$G$23 -> 1.3643 | H40: =+F40*D40*G40 -> 73158044 | J40: =+H40/$E$3 -> 0.027286
B41: Gasto bancarios4x1000 y retiros | C41: % | D41: 0.004 | F41: =+$E$3 -> 2681156779 | G41: =+$G$23 -> 1.3643 | H41: =+F41*D41*G41 -> 14631609 | J41: =+H41/$E$3 -> 0.0054572
B42: Industria y Comercio 3,7 x 1.000 sobre valor total | C42: % | D42: 0.0037 | F42: =+$E$3 -> 2681156779 | G42: =+$G$23 -> 1.3643 | H42: =+F42*D42*G42 -> 13534238 | J42: =+H42/$E$3 -> 0.00504791
B43: Tasa pro deporte y recreación | C43: % | D43: 0.005 | F43: =+$E$3 -> 2681156779 | G43: =+$G$23 -> 1.3643 | H43: =+F43*D43*G43 -> 18289511 | J43: =+H43/$E$3 -> 0.0068215
B44: TOTAL GASTOS INDIRECTOS DE ADMINISTRACION. | I44: =SUM(I8:I43) -> 8.1580169e+08 | J44: =ROUND(SUM(J7:J43)/3,4) -> 0.3043
B45: UTILIDAD: | J45: 0.06
B46: A.U. | J46: =SUM(J44:J45) -> 0.3643
I48: NO MOVER | J48: =1+J46 -> 1.3643

Sheet APU 2
A2: 001.046 | B2: - | C2: SUMINISTRO, TRANSPORTE E INSTALACION CAMPAMENTO PROVISIONAL CON PISO EN PLACA DE CONCRETO DE 2500 PSI E=8CM Y MALLA ELECTROSOLDADA 15X15 4,0MM | D2: Actividad | E2: M2 | I2: 241972
A3: 001.046 | B3: AB4 | C3: CONCRETO 2500 psi - 17.5 Mpa | D3: Analisis Basico | E3: M3 | F3: 0.08 | G3: 535318 | H3: 42825
A4: 001.046 | B4: C15 | C4: CUADRILLA AA TIPO 3 (1 OFICIAL + 3 AYUDANTE) (Albañileria) | D4: Cuadrilla | E4: HR | F4: 0.85 | G4: 66987 | H4: 56939
A5: 001.046 | B5: AB26 | C5: SUMINISTRO, TRANSPORTE E INSTALACION MALLA ELECTROSOLDADA CUALQUIER REFERENCIA (Incluye alambre negro, colocación y traslapo). | D5: Analisis Basico | E5: KG | F5: 2.5 | G5: 8886 | H5: 22215
A6: 001.046 | B6: H1 | C6: EQUIPO BASICO ( CONSTRUCCIÓN ) | D6: Herramienta | E6: UND | F6: 0.85 | G6: 3623 | H6: 3080
A7: 001.046 | B7: I1614 | C7: PUERTAS Y VENTANAS EN TABLA PARA CAMPAMENTO | D7: Insumos | E7: M2 | F7: 0.515 | G7: 4626 | H7: 2382
A8: 001.046 | B8: I1619 | C8: INSTALACIONES PROVISIONALES | D8: Insumos | E8: UND | F8: 1.03 | G8: 23749 | H8: 24461
A9: 001.046 | B9: I1620 | C9: GUADUA-TABLA-CUARTÓN-LISTÓN-VARILLÓN PARA CAMPAMENTO | D9: Insumos | E9: M2 | F9: 0.515 | G9: 145647 | H9: 75008
A10: 001.046 | B10: I302 | C10: TEJA DE ZINC ONDULADA TZO L=2.44X0.80 | D10: Insumos | E10: UND | F10: 0.35 | G10: 43033 | H10: 15062
A11: 001.049 | B11: - | C11: SUMINISTRO, TRANSPORTE E INSTALACIÓN CERRAMIENTO EN YUTE H= 2 M | D11: Actividad | E11: ML | I11: 15699
A12: 001.049 | B12: C1 | C12: CUADRILLA AA TIPO 1 (1 OFICIAL + 1 AYUDANTE) (Albañileria) | D12: Cuadrilla | E12: HR | F12: 0.16 | G12: 37863 | H12: 6058
A13: 001.049 | B13: H2 | C13: EQUIPO BASICO (HERRAMIENTA MENOR) | D13: Herramienta | E13: UND | F13: 0.16 | G13: 3623 | H13: 580
A14: 001.049 | B14: I425 | C14: PUNTILLA CON CABEZA 2" | D14: Insumos | E14: LB | F14: 0.2 | G14: 5304 | H14: 1061
A15: 001.049 | B15: I447 | C15: FIBRA PARA CERRAMIENTO PROVISIONAL H=2,1M | D15: Insumos | E15: M | F15: 1 | G15: 4505 | H15: 4505
A16: 001.049 | B16: I986 | C16: GUADUA CEPA DE 5 VARAS | D16: Insumos | E16: UND | F16: 0.35 | G16: 9987 | H16: 3495
A17: 001.050 | B17: - | C17: INSTALACION PROVISIONAL DE ACUEDUCTO | D17: Actividad | E17: UND | I17: 89885
A18: 001.050 | B18: I1558 | C18: SERVICIO DE AGUA | D18: Insumos | E18: MES | F18: 1 | G18: 89885 | H18: 89885
A19: 001.051 | B19: - | C19: INSTALACION PROVISIONAL DE ENERGIA | D19: Actividad | E19: UND | I19: 79895
A20: 001.051 | B20: I1559 | C20: SERVICIO DE ENERGIA | D20: Insumos | E20: MES | F20: 1 | G20: 79895 | H20: 79895
A21: 001.087 | B21: - | C21: AVISOS DE SEÑALIZACION TEMPORAL PARA IMPLEMENTACIÓN DE PMT | D21: Actividad | E21: UND | I21: 257265
A22: 001.087 | B22: AB4 | C22: CONCRETO 2500 psi - 17.5 Mpa | D22: Analisis Basico | E22: M3 | F22: 0.01 | G22: 535318 | H22: 5353
A23: 001.087 | B23: C1 | C23: CUADRILLA AA TIPO 1 (1 OFICIAL + 1 AYUDANTE) (Albañileria) | D23: Cuadrilla | E23: HR | F23: 2 | G23: 37863 | H23: 75726
A24: 001.087 | B24: E111 | C24: FORMALETA PARA BASE DE CONCRETO | D24: Equipos | E24: UND | F24: 0.5 | G24: 5929 | H24: 2965
A25: 001.087 | B25: E12 | C25: EQUIPO DE TRANSPORTE | D25: Equipos | E25: DIA | F25: 0.228 | G25: 187426 | H25: 42733
A26: 001.087 | B26: H2 | C26: EQUIPO BASICO (HERRAMIENTA MENOR) | D26: Herramienta | E26: UND | F26: 2 | G26: 3623 | H26: 7246
A27: 001.087 | B27: I1565 | C27: ACARREO INTERNO | D27: Insumos | E27: UND | F27: 0.158 | G27: 1897 | H27: 300
A28: 001.087 | B28: I450 | C28: ALQUILER DE SEÑAL PREVENTIVA, REGLAMENTARIA E INFORMATIVA | D28: Insumos | E28: UND | F28: 0.6 | G28: 204903 | H28: 122942
A29: 002.001 | B29: - | C29: EXCAVACIÓN EN ZANJA - MATERIAL COMÚN - 0.0 A 2.0 M | D29: Actividad | E29: M3 | I29: 44781
A30: 002.001 | B30: C1 | C30: CUADRILLA AA TIPO 1 (1 OFICIAL + 1 AYUDANTE) (Albañileria) | D30: Cuadrilla | E30: HR | F30: 1.1 | G30: 37863 | H30: 41649
A31: 002.001 | B31: I282 | C31: SUELO CEMENTO 10:1 | D31: Insumos | E31: M3 | F31: 0.01 | G31: 202837 | H31: 2028
A32: 002.001 | B32: H2 | C32: EQUIPO BASICO (HERRAMIENTA MENOR) | D32: Herramienta | E32: UND | F32: 0.2 | G32: 3623 | H32: 725
A33: 002.001 | B33: I1565 | C33: ACARREO INTERNO | D33: Insumos | E33: UND | F33: 0.2 | G33: 1897 | H33: 379
A34: 002.010 | B34: - | C34: EXCAVACIÓN PARA ESTRUCTURAS - MATERIAL COMÚN - 0.0 A 2.0 M | D34: Actividad | E34: M3 | I34: 62544
A35: 002.010 | B35: C1 | C35: CUADRILLA AA TIPO 1 (1 OFICIAL + 1 AYUDANTE) (Albañileria) | D35: Cuadrilla | E35: HR | F35: 1.55 | G35: 37863 | H35: 58688
A36: 002.010 | B36: I282 | C36: SUELO CEMENTO 10:1 | D36: Insumos | E36: M3 | F36: 0.01 | G36: 202837 | H36: 2028
A37: 002.010 | B37: H2 | C37: EQUIPO BASICO (HERRAMIENTA MENOR) | D37: Herramienta | E37: UND | F37: 0.4 | G37: 3623 | H37: 1449
A38: 002.010 | B38: I1565 | C38: ACARREO INTERNO | D38: Insumos | E38: UND | F38: 0.2 | G38: 1897 | H38: 379
A39: 002.016 | B39: - | C39: EXCAVACIÓN A CIELO ABIERTO - MATERIAL COMÚN - 0.0 A 2.0 M | D39: Actividad | E39: M3 | I39: 48534
A40: 002.016 | B40: C1 | C40: CUADRILLA AA TIPO 1 (1 OFICIAL + 1 AYUDANTE) (Albañileria) | D40: Cuadrilla | E40: HR | F40: 1.18 | G40: 37863 | H40: 44678
A41: 002.016 | B41: I282 | C41: SUELO CEMENTO 10:1 | D41: Insumos | E41: M3 | F41: 0.01 | G41: 202837 | H41: 2028
A42: 002.016 | B42: H2 | C42: EQUIPO BASICO (HERRAMIENTA MENOR) | D42: Herramienta | E42: UND | F42: 0.4 | G42: 3623 | H42: 1449
A43: 002.016 | B43: I1565 | C43: ACARREO INTERNO | D43: Insumos | E43: UND | F43: 0.2 | G43: 1897 | H43: 379
A44: 002.033 | B44: - | C44: LLENO COMPACTADO MUROS DE CONTENCION INCLUYE GEOTEXTIL Y TUBODRENANTE | D44: Actividad | E44: M3 | I44: 43199
A45: 002.033 | B45: C22 | C45: CUADRILLA AA TIPO 4 (1 OFICIAL + 4 AYUDANTE) (Albañileria) | D45: Cuadrilla | E45: HR | F45: 0.067 | G45: 81549 | H45: 5464
A46: 002.033 | B46: E120 | C46: ENSAYO DE DENSIDAD EN CAMPO | D46: Equipos | E46: UND | F46: 0.025 | G46: 45660 | H46: 1142
A47: 002.033 | B47: E48 | C47: CANGURO | D47: Equipos | E47: DIA | F47: 0.077 | G47: 76236 | H47: 5870
A48: 002.033 | B48: H2 | C48: EQUIPO BASICO (HERRAMIENTA MENOR) | D48: Herramienta | E48: UND | F48: 0.1 | G48: 3623 | H48: 362
A49: 002.033 | B49: I1565 | C49: ACARREO INTERNO | D49: Insumos | E49: UND | F49: 10 | G49: 1897 | H49: 18970
A50: 002.033 | B50: I511 | C50: GEOTEXTIL NO TEJIDO 1600 PAVCO O SIMILAR | D50: Insumos | E50: M2 | F50: 1.2 | G50: 4815 | H50: 5778
A51: 002.033 | B51: I731 | C51: TUBO DRENAJE CORRUGADA PVC 100 MM ( 4") SIN FILTRO | D51: Insumos | E51: M | F51: 0.3 | G51: 18710 | H51: 5613
A52: 002.039 | B52: - | C52: EXCAVACION MECANICA EN MATERIAL COMUN | D52: Actividad | E52: M3 | I52: 66635
A53: 002.039 | B53: C1 | C53: CUADRILLA AA TIPO 1 (1 OFICIAL + 1 AYUDANTE) (Albañileria) | D53: Cuadrilla | E53: HR | F53: 0.56 | G53: 37863 | H53: 21203
A54: 002.039 | B54: E12 | C54: EQUIPO DE TRANSPORTE | D54: Equipos | E54: DIA | F54: 0.08 | G54: 187426 | H54: 14994
A55: 002.039 | B55: E18 | C55: RETROEXCAVADORA SOBRE ORUGAS | D55: Equipos | E55: HR | F55: 0.1 | G55: 304381 | H55: 30438
A56: 002.050 | B56: - | C56: RELLENO EN MATERIAL SELECCIONADO PROVENIENTE DE LA EXCAVACION (CANGURO) | D56: Actividad | E56: M3 | I56: 43021
A57: 002.050 | B57: C1 | C57: CUADRILLA AA TIPO 1 (1 OFICIAL + 1 AYUDANTE) (Albañileria) | D57: Cuadrilla | E57: HR | F57: 0.86 | G57: 37863 | H57: 32562
A58: 002.050 | B58: E48 | C58: CANGURO | D58: Equipos | E58: DIA | F58: 0.12 | G58: 76236 | H58: 9148
A59: 002.050 | B59: H2 | C59: EQUIPO BASICO (HERRAMIENTA MENOR) | D59: Herramienta | E59: UND | F59: 0.1 | G59: 3623 | H59: 362
A60: 002.050 | B60: I1565 | C60: ACARREO INTERNO | D60: Insumos | E60: UND | F60: 0.5 | G60: 1897 | H60: 949
A61: 002.086 | B61: - | C61: RETIRO DE MATERIAL SOBRANTE EN VOLQUETA, CARGUE MECANICO, DISPOSICIÓN EN BOTADERO (HASTA 25 KM) | D61: Actividad | E61: M3-Suelto | I61: 34631
A62: 002.086 | B62: I2414 | C62: DERECHO A BOTADERO - LA NUBIA | D62: Insumos | E62: M3 | F62: 1 | G62: 9064 | H62: 9064
A63: 002.086 | B63: E12 | C63: EQUIPO DE TRANSPORTE | D63: Equipos | E63: DIA | F63: 0.005 | G63: 187426 | H63: 937
A64: 002.086 | B64: E43 | C64: RETROEXCAVADORA DE LLANTAS (PAJARITA) | D64: Equipos | E64: HR | F64: 0.025 | G64: 158413 | H64: 3960
A65: 002.086 | B65: E25 | C65: VOLQUETA SENCILLA 8M3 | D65: Equipos | E65: VJE | F65: 0.125 | G65: 165360 | H65: 20670
A66: 002A.003 | B66: - | C66: SUMINISTRO, TRANSPORTE E INSTALACION SOLADO DE LIMPIEZA 2.000 PSI E = 5 CM | D66: Actividad | E66: M2 | I66: 32490
A67: 002A.003 | B67: AB3 | C67: CONCRETO 2000 PSI - 14 MPA | D67: Analisis Basico | E67: M3 | F67: 0.051 | G67: 465478 | H67: 23739
A68: 002A.003 | B68: C15 | C68: CUADRILLA AA TIPO 3 (1 OFICIAL + 3 AYUDANTE) (Albañileria) | D68: Cuadrilla | E68: HR | F68: 0.13 | G68: 66987 | H68: 8708
A69: 002A.003 | B69: H2 | C69: EQUIPO BASICO (HERRAMIENTA MENOR) | D69: Herramienta | E69: UND | F69: 0.012 | G69: 3623 | H69: 43
A70: 002A.004 | B70: - | C70: SUMINISTRO, TRANSPORTE E INSTALACION ZAPATA CONCRETO 3000 PSI | D70: Actividad | E70: M3 | I70: 869642
A71: 002A.004 | B71: AB5 | C71: CONCRETO 3000 psi - 21 Mpa | D71: Analisis Basico | E71: M3 | F71: 1.05 | G71: 597780 | H71: 627669
A72: 002A.004 | B72: C22 | C72: CUADRILLA AA TIPO 4 (1 OFICIAL + 4 AYUDANTE) (Albañileria) | D72: Cuadrilla | E72: HR | F72: 2.2 | G72: 81549 | H72: 179408
A73: 002A.004 | B73: E12 | C73: EQUIPO DE TRANSPORTE | D73: Equipos | E73: DIA | F73: 0.1 | G73: 187426 | H73: 18743
A74: 002A.004 | B74: E21 | C74: VIBRADOR A GASOLINA | D74: Equipos | E74: DIA | F74: 0.15 | G74: 66212 | H74: 9932
A75: 002A.004 | B75: H1 | C75: EQUIPO BASICO ( CONSTRUCCIÓN ) | D75: Herramienta | E75: UND | F75: 1.5 | G75: 3623 | H75: 5435
A76: 002A.004 | B76: I1565 | C76: ACARREO INTERNO | D76: Insumos | E76: UND | F76: 15 | G76: 1897 | H76: 28455
A77: 002A.005 | B77: - | C77: SUMINISTRO, TRANSPORTE E INSTALACION VIGA CIMENTACION CONCRETO 3000 PSI | D77: Actividad | E77: M3 | I77: 981477
A78: 002A.005 | B78: AB5 | C78: CONCRETO 3000 psi - 21 Mpa | D78: Analisis Basico | E78: M3 | F78: 1.05 | G78: 597780 | H78: 627669
A79: 002A.005 | B79: C29 | C79: CUADRILLA AA TIPO 5 (1 OFICIAL + 5 AYUDANTE) (Albañileria) | D79: Cuadrilla | E79: HR | F79: 3 | G79: 96111 | H79: 288333
A80: 002A.005 | B80: E111 | C80: FORMALETA PARA BASE DE CONCRETO | D80: Equipos | E80: UND | F80: 3 | G80: 5929 | H80: 17787
A81: 002A.005 | B81: E12 | C81: EQUIPO DE TRANSPORTE | D81: Equipos | E81: DIA | F81: 0.1 | G81: 187426 | H81: 18743
A82: 002A.005 | B82: E21 | C82: VIBRADOR A GASOLINA | D82: Equipos | E82: DIA | F82: 0.18 | G82: 66212 | H82: 11918
A83: 002A.005 | B83: H1 | C83: EQUIPO BASICO ( CONSTRUCCIÓN ) | D83: Herramienta | E83: UND | F83: 1.5 | G83: 3623 | H83: 5435
A84: 002A.005 | B84: H2 | C84: EQUIPO BASICO (HERRAMIENTA MENOR) | D84: Herramienta | E84: UND | F84: 2.1 | G84: 3623 | H84: 7608
A85: 002A.005 | B85: I1565 | C85: ACARREO INTERNO | D85: Insumos | E85: UND | F85: 2.1 | G85: 1897 | H85: 3984
A86: 002A.006 | B86: - | C86: SUMINISTRO, TRANSPORTE E INSTALACION ZAPATA CONCRETO 4000 PSI | D86: Actividad | E86: M3 | I86: 959064
A87: 002A.006 | B87: AB7 | C87: CONCRETO 4000 psi - 28 Mpa | D87: Analisis Basico | E87: M3 | F87: 1.05 | G87: 682944 | H87: 717091
A88: 002A.006 | B88: C22 | C88: CUADRILLA AA TIPO 4 (1 OFICIAL + 4 AYUDANTE) (Albañileria) | D88: Cuadrilla | E88: HR | F88: 2.2 | G88: 81549 | H88: 179408
A89: 002A.006 | B89: E12 | C89: EQUIPO DE TRANSPORTE | D89: Equipos | E89: DIA | F89: 0.1 | G89: 187426 | H89: 18743
A90: 002A.006 | B90: E21 | C90: VIBRADOR A GASOLINA | D90: Equipos | E90: DIA | F90: 0.15 | G90: 66212 | H90: 9932
A91: 002A.006 | B91: H1 | C91: EQUIPO BASICO ( CONSTRUCCIÓN ) | D91: Herramienta | E91: UND | F91: 1.5 | G91: 3623 | H91: 5435
A92: 002A.006 | B92: I1565 | C92: ACARREO INTERNO | D92: Insumos | E92: UND | F92: 15 | G92: 1897 | H92: 28455
A93: 002A.008 | B93: - | C93: SUMINISTRO, TRANSPORTE E INSTALACION ZARPA PARA MURO DE CONTENCION CONCRETO 3000 PSI | D93: Actividad | E93: M3 | I93: 832424
A94: 002A.008 | B94: AB5 | C94: CONCRETO 3000 psi - 21 Mpa | D94: Analisis Basico | E94: M3 | F94: 1.03 | G94: 597780 | H94: 615713
A95: 002A.008 | B95: C22 | C95: CUADRILLA AA TIPO 4 (1 OFICIAL + 4 AYUDANTE) (Albañileria) | D95: Cuadrilla | E95: HR | F95: 2.2 | G95: 81549 | H95: 179408
A96: 002A.008 | B96: E12 | C96: EQUIPO DE TRANSPORTE | D96: Equipos | E96: DIA | F96: 0.068 | G96: 187426 | H96: 12745
A97: 002A.008 | B97: E21 | C97: VIBRADOR A GASOLINA | D97: Equipos | E97: DIA | F97: 0.1 | G97: 66212 | H97: 6621
A98: 002A.008 | B98: H2 | C98: EQUIPO BASICO (HERRAMIENTA MENOR) | D98: Herramienta | E98: UND | F98: 0.5 | G98: 3623 | H98: 1812
A99: 002A.008 | B99: I1565 | C99: ACARREO INTERNO | D99: Insumos | E99: UND | F99: 8.5 | G99: 1897 | H99: 16125
A100: 002A.014 | B100: - | C100: SUSTITUCION CON AFIRMADO COMPACTADO CON CILINDRO | D100: Actividad | E100: M3 | I100: 149621
A101: 002A.014 | B101: C15 | C101: CUADRILLA AA TIPO 3 (1 OFICIAL + 3 AYUDANTE) (Albañileria) | D101: Cuadrilla | E101: HR | F101: 0.48866667 | G101: 66987 | H101: 32734
...

Sheet FACTOR MULTIPLICADOR
A1: FACTOR MULTIPLICADOR
A2: “INTERVENTORÍA TÉCNICA, ADMINISTRATIVA Y FINANCIERA “FASE II DEL MANTENIMIENTO Y ADECUACIONES LOCATIVAS DE LA INFRAESTRUCTURA INSTITUCIONAL PARA LA NUEVA CASA DE LA CULTURA DE LA COMUNA PALOGRANDE”
A3: 1. | B3: Salarios y Prestaciones Sociales de Personal Facturable
A4: 1.1. | B4: Salarios | I4: 1
A5: 1.2. | B5: Prima anual (legal) | I5: =1/12 -> 0.083333333
A6: 1.3. | B6: Cesantías | I6: =1/12 -> 0.083333333
A7: 1.4. | B7: Intereses de las cesantías | I7: 0.01
A8: 1.5. | B8: Vacaciones | I8: =+I6/2 -> 0.041666667 | S8: 12,5 salud y pension 16
A9: 1.6. | B9: Seguridad Social (salud + pensión) | I9: 0.12 | S9: 8,5 salud y pensión 12
A10: 1.7. | B10: Caja de Compensación Familiar | I10: 0.04
A11: 1.8. | B11: ARL | I11: 0.0696
A12: 1.9. | B12: Otros (Auxilios varios, prestaciones extralegales, Indemnización por despido, Incapacidades no cubiertas, examenes de ingreso y egreso) | I12: 0.0226
A13: 1.10. | B13: Dotación | I13: 0.06
F14: Sub-total | I14: =SUM(I4:I13) -> 1.5305333
A16: 2 | B16: Gastos Generales
A17: 2.1 | B17: Equipos y mantenimiento Oficina | I17: 0.02
A18: 2.2 | B18: Gastos de vehículo | I18: 0.01
A19: 2.3 | B19: Seguros de robo e incendio | I19: 0.005
A20: 2.4 | B20: Costos de personal Administrativo no facturable | I20: 0.01
A21: 2.5 | B21: Asesorias Profesionales en otras areas, no facturable | I21: 0.01
A22: 2.6 | B22: Depreciación de muebles y equipos | I22: 0.005
A23: 2.7 | B23: Actualización tecnologica (Sofware, correo electronico, etc). | I23: 0.02
A24: 2.8 | B24: Gastos bancarios | I24: 0.0048
A25: 2.9 | B25: Gastos de Representación | I25: 0.01
A26: 2.1 | B26: Asesoria Contable Tributaria y Juridica | I26: 0.035
F27: Sub-total | I27: =SUM(I17:I26) -> 0.1298
A29: 3 | B29: Costos Directos no Reembolsables
A30: 3.01 | B30: Garantia de seriedad | I30: 0.0004
A31: 3.02 | B31: Poliza de Calidad | I31: =0.5*1.21% -> 0.00605 | J31: =20%*10%*12 -> 0.24
A32: 3.03 | B32: Póliza Cumplimiento | I32: 0.0121
A33: 3.04 | B33: Póliza Salarios y prestaciones Sociales | I33: =2.5*1.21% -> 0.03025
A34: 3.05 | B34: Póliza buen manejo y correcta inversión del anticipo | I34: 0
A35: 3.06 | B35: Estampillas Pro Universidad | I35: 0.02
A36: 3.07 | B36: Estampillas Pro Adulto Mayor | I36: 0.02
A37: 3.08 | B37: Estampilla pro cultura | I37: 0.02
A38: 3.09 | B38: Tasa pro deporte y recreación | I38: 0.005
A39: 3.1 | B39: Estampilla Pro justicia familiar (Acuerdo No 1156 30/01/2024) | I39: 0.02
A40: 3.11 | B40: Impuesto de industria y comercio | I40: 0.0035
A41: 3.12 | B41: Impuesto de timbre (decreto 0175 de 2025) | I41: 0.005
A42: 3.13 | B42: Acompañamiento posterior a la entrega | I42: 0.1174
F43: Sub-total | I43: =SUM(I30:I42) -> 0.2597
A46: 4 | B46: Honorarios (Utilidad del consultor y costos no previstos) | F46: Sub-total | I46: 0.26
A49: F. M T O T A L CALCULADO | I49: =SUM(I46,I43,I27,I14) -> 2.1800333
A51: F. M T O T A L ASUMIDO | I51: 2.18

Sheet Analisis Mano de Obra
B1: ANALISIS DE MANO DE OBRA
B3: =+'Analisis Factor Prestacional'!A3:A5 -> Datos Basicos año 2024 | C3: Días del año | D3: 366
C4: Subsidio Transporte 2024 | D4: =+'Analisis Factor Prestacional'!$C$4 -> 200000
C5: Salario mínimo 2024 | D5: =+'Analisis Factor Prestacional'!$C$5 -> 1423500
B7: Mano de Obra AA - Albañileria
B8: Trabajador | C8: Valor Base Mes | D8: Valor Base Dia | E8: Valor Base Hora | F8: Factor Prestacional | G8: Valor Total Hora
B9: Oficial | C9: =+$D$5*1.6 -> 2277600 | D9: =+C9/30 -> 75920 | E9: =+D9/7.33 -> 10357.435 | F9: =+IF(C9>2*$D$5,'Analisis Factor Prestacional'!$D$28+1,'Analisis Factor Prestacional'!$C$28+1) -> 1.829 | G9: =+F9*E9 -> 18943.749
B10: Ayudante | C10: =+$D$5 -> 1423500 | D10: =+C10/30 -> 47450 | E10: =+D10/7.33 -> 6473.397 | F10: =+IF(C10>2*$D$5,'Analisis Factor Prestacional'!$D$28+1,'Analisis Factor Prestacional'!$C$28+1) -> 1.829 | G10: =+F10*E10 -> 11839.843
B11: Cuadrilla 1 Oficial + 1 Ayudante | C11: =SUM(C9:C10) -> 3701100 | D11: =SUM(D9:D10) -> 123370 | E11: =SUM(E9:E10) -> 16830.832 | G11: =ROUND(SUM(G9:G10),0) -> 30784
B13: Mano de Obra BB - Instalaciones
B14: Trabajador | C14: Valor Base Mes | D14: Valor Base Dia | E14: Valor Base Hora | F14: Factor Prestacional | G14: Valor Total Hora
B15: Oficial | C15: =+$D$5*1.6*1.1 -> 2505360 | D15: =+C15/30 -> 83512 | E15: =+D15/7.33 -> 11393.179 | F15: =+IF(C15>2*$D$5,'Analisis Factor Prestacional'!$D$28+1,'Analisis Factor Prestacional'!$C$28+1) -> 1.829 | G15: =+F15*E15 -> 20838.124
B16: Ayudante | C16: =+$D$5*1.1 -> 1565850 | D16: =+C16/30 -> 52195 | E16: =+D16/7.33 -> 7120.7367 | F16: =+IF(C16>2*$D$5,'Analisis Factor Prestacional'!$D$28+1,'Analisis Factor Prestacional'!$C$28+1) -> 1.829 | G16: =+F16*E16 -> 13023.827
B17: Cuadrilla 1 Oficial + 1 Ayudante | C17: =SUM(C15:C16) -> 4071210 | D17: =SUM(D15:D16) -> 135707 | E17: =SUM(E15:E16) -> 18513.915 | G17: =ROUND(SUM(G15:G16),0) -> 33862
B19: Mano de Obra CC - Pintura
B20: Trabajador | C20: Valor Base Mes | D20: Valor Base Dia | E20: Valor Base Hora | F20: Factor Prestacional | G20: Valor Total Hora
B21: Oficial | C21: =+$D$5*1.6*1.15 -> 2619240 | D21: =+C21/30 -> 87308 | E21: =+D21/7.33 -> 11911.05 | F21: =+IF(C21>2*$D$5,'Analisis Factor Prestacional'!$D$28+1,'Analisis Factor Prestacional'!$C$28+1) -> 1.829 | G21: =+F21*E21 -> 21785.311
B22: Ayudante | C22: =+$D$5*1.15 -> 1637025 | D22: =+C22/30 -> 54567.5 | E22: =+D22/7.33 -> 7444.4065 | F22: =+IF(C22>2*$D$5,'Analisis Factor Prestacional'!$D$28+1,'Analisis Factor Prestacional'!$C$28+1) -> 1.829 | G22: =+F22*E22 -> 13615.82
B23: Cuadrilla 1 Oficial + 1 Ayudante | C23: =SUM(C21:C22) -> 4256265 | D23: =SUM(D21:D22) -> 141875.5 | E23: =SUM(E21:E22) -> 19355.457 | G23: =ROUND(SUM(G21:G22),0) -> 35401
B25: Mano de Obra DD - Carpinteria
B26: Trabajador | C26: Valor Base Mes | D26: Valor Base Dia | E26: Valor Base Hora | F26: Factor Prestacional | G26: Valor Total Hora
B27: Oficial | C27: =+$D$5*1.6*1.15 -> 2619240 | D27: =+C27/30 -> 87308 | E27: =+D27/7.33 -> 11911.05 | F27: =+IF(C27>2*$D$5,'Analisis Factor Prestacional'!$D$28+1,'Analisis Factor Prestacional'!$C$28+1) -> 1.829 | G27: =+F27*E27 -> 21785.311
B28: Ayudante | C28: =+$D$5*1.15 -> 1637025 | D28: =+C28/30 -> 54567.5 | E28: =+D28/7.33 -> 7444.4065 | F28: =+IF(C28>2*$D$5,'Analisis Factor Prestacional'!$D$28+1,'Analisis Factor Prestacional'!$C$28+1) -> 1.829 | G28: =+F28*E28 -> 13615.82
B29: Cuadrilla 1 Oficial + 1 Ayudante | C29: =SUM(C27:C28) -> 4256265 | D29: =SUM(D27:D28) -> 141875.5 | E29: =SUM(E27:E28) -> 19355.457 | G29: =ROUND(SUM(G27:G28),0) -> 35401
B31: Mano de Obra EE - Muros Secos
B32: Trabajador | C32: Valor Base Mes | D32: Valor Base Dia | E32: Valor Base Hora | F32: Factor Prestacional | G32: Valor Total Hora
B33: Oficial | C33: =+$D$5*1.6*1.12 -> 2550912 | D33: =+C33/30 -> 85030.4 | E33: =+D33/7.33 -> 11600.327 | F33: =+IF(C33>2*$D$5,'Analisis Factor Prestacional'!$D$28+1,'Analisis Factor Prestacional'!$C$28+1) -> 1.829 | G33: =+F33*E33 -> 21216.999
B34: Ayudante | C34: =+$D$5*1.12 -> 1594320 | D34: =+C34/30 -> 53144 | E34: =+D34/7.33 -> 7250.2046 | F34: =+IF(C34>2*$D$5,'Analisis Factor Prestacional'!$D$28+1,'Analisis Factor Prestacional'!$C$28+1) -> 1.829 | G34: =+F34*E34 -> 13260.624
B35: Cuadrilla 1 Oficial + 1 Ayudante | C35: =SUM(C33:C34) -> 4145232 | D35: =SUM(D33:D34) -> 138174.4 | E35: =SUM(E33:E34) -> 18850.532 | G35: =ROUND(SUM(G33:G34),0) -> 34478
B37: Mano de Obra FF - Instalaciones Electricas Internas
B38: Trabajador | C38: Valor Base Mes | D38: Valor Base Dia | E38: Valor Base Hora | F38: Factor Prestacional | G38: Valor Total Hora
B39: Oficial | C39: =+$D$5*1.6*1.5 -> 3416400 | D39: =+C39/30 -> 113880 | E39: =+D39/7.33 -> 15536.153 | F39: =+IF(C39>2*$D$5,'Analisis Factor Prestacional'!$D$28+1,'Analisis Factor Prestacional'!$C$28+1) -> 1.6556 | G39: =+F39*E39 -> 25721.655
B40: Ayudante | C40: =+$D$5*1.5 -> 2135250 | D40: =+C40/30 -> 71175 | E40: =+D40/7.33 -> 9710.0955 | F40: =+IF(C40>2*$D$5,'Analisis Factor Prestacional'!$D$28+1,'Analisis Factor Prestacional'!$C$28+1) -> 1.829 | G40: =+F40*E40 -> 17759.765
B41: Cuadrilla 1 Oficial + 1 Ayudante | C41: =SUM(C39:C40) -> 5551650 | D41: =SUM(D39:D40) -> 185055 | E41: =SUM(E39:E40) -> 25246.248 | G41: =ROUND(SUM(G39:G40),0) -> 43481
B43: Mano de Obra GG - Instalaciones Alumbrado Publico
B44: Trabajador | C44: Valor Base Mes | D44: Valor Base Dia | E44: Valor Base Hora | F44: Factor Prestacional | G44: Valor Total Hora
B45: Oficial | C45: =+$D$5*1.6*2.5 -> 5694000 | D45: =+C45/30 -> 189800 | E45: =+D45/7.33 -> 25893.588 | F45: =+IF(C45>2*$D$5,'Analisis Factor Prestacional'!$D$28+1,'Analisis Factor Prestacional'!$C$28+1) -> 1.6556 | G45: =+F45*E45 -> 42869.424
B46: Ayudante | C46: =+$D$5*2 -> 2847000 | D46: =+C46/30 -> 94900 | E46: =+D46/7.33 -> 12946.794 | F46: =+IF(C46>2*$D$5,'Analisis Factor Prestacional'!$D$28+1,'Analisis Factor Prestacional'!$C$28+1) -> 1.829 | G46: =+F46*E46 -> 23679.686
B47: Cuadrilla 1 Oficial + 1 Ayudante | C47: =SUM(C45:C46) -> 8541000 | D47: =SUM(D45:D46) -> 284700 | E47: =SUM(E45:E46) -> 38840.382 | G47: =ROUND(SUM(G45:G46),0) -> 66549
C49: Base Mes copiado de G50 | D49: Base Día | E49: Base Hora | G49: Valor Base Mes | H49: 1.5483 | I49: VALOR TOTAL
B50: SOLDADOR | C50: 4298960 | D50: =+C50/30 -> 143298.67 | E50: =+D50/8 -> 17912.333 | F50: 3.3068923 | G50: =+F50*$D$5 -> 4707361.2 | H50: =+E50/$H$49 -> 11569.033 | I50: =H50*$H$49 -> 17912.333
B51: JORNAL VIGILANTE NOCTURNO | C51: 3978048.6 | D51: =+C51/30 -> 132601.62 | E51: =+D51/8 -> 16575.203 | F51: 3.0600374 | G51: =+F51*$D$5 -> 4355963.2 | H51: SE CALCULA EL DIA
B52: PROTECCION SEGUN PROTOCOLO COVID-19
B53: AUXILIAR DE ENFEREMERIA | C53: 3017447 | D53: =+C53/30 -> 100581.57 | E53: =+D53/8 -> 12572.696 | F53: 2.3211131 | G53: =+F53*$D$5 -> 3304104.4 | H53: SE CALCULA EL DIA
B54: VIGIA DE SALUD (AUXILIAR DE ENFERMERIA) | C54: 3017447 | D54: =+C54/30 -> 100581.57 | E54: =+D54/8 -> 12572.696 | F54: 2.3211131 | G54: =+F54*$D$5 -> 3304104.4 | H54: SE CALCULA EL DIA
B55: AYUDANTE PARA DESINFECCION CONTINUA DE ESPACIOS MEDIO - TIEMPO | C55: 1103618.9 | D55: =+C55/30 -> 36787.297 | E55: =+D55/8 -> 4598.4122 | F55: 0.84893763 | G55: =+F55*$D$5 -> 1208462.7 | H55: SE CALCULA EL DIA
B56: AYUDANTE PARA DESINFECCION CONTINUA DE ESPACIOS MEDIO TIEMPO | C56: 1103618.9 | D56: =+C56/30 -> 36787.297 | E56: =+D56/8 -> 4598.4122 | F56: 0.84893763 | G56: =+F56*$D$5 -> 1208462.7 | H56: =+D56/19 -> 1936.1735 | I56: =H56*$H$49 -> 2997.7775
A63: CODIGO | B63: PERSONAL O CUADRILLA | D63: TIPO | E63: UNIDAD | F63: VALOR TOTAL | G63: VALOR BASE | H63: FACTOR PRESTACIONAL | I63: ANALISIS CALCULO | J63: FECHA DE ACTUALIZACION
A64: P1 | B64: OFICIAL AA (Albañileria) | E64: hr | F64: =+ROUND(G64*H64,0) -> 18943 | G64: =+ROUND(E9,0) -> 10357 | H64: =+IF(G64*8*30>2*$D$5,'Analisis Factor Prestacional'!$D$28+1,'Analisis Factor Prestacional'!$C$28+1) -> 1.829 | I64: VER ANALISIS MANO DE OBRA | J64: 45681
A65: P2 | B65: OFICIAL BB (Instalaciones) | E65: hr | F65: =+ROUND(G65*H65,0) -> 20838 | G65: =+ROUND(E15,0) -> 11393 | H65: =+IF(G65*8*30>2*$D$5,'Analisis Factor Prestacional'!$D$28+1,'Analisis Factor Prestacional'!$C$28+1) -> 1.829 | I65: VER ANALISIS MANO DE OBRA | J65: 45681
A66: P3 | B66: OFICIAL CC (Pintura) | E66: hr | F66: =+ROUND(G66*H66,0) -> 19720 | G66: =+ROUND(E21,0) -> 11911 | H66: =+IF(G66*8*30>2*$D$5,'Analisis Factor Prestacional'!$D$28+1,'Analisis Factor Prestacional'!$C$28+1) -> 1.6556 | I66: VER ANALISIS MANO DE OBRA | J66: 45681
A67: P4 | B67: OFICIAL DD (Carpinteria) | E67: hr | F67: =+ROUND(G67*H67,0) -> 19720 | G67: =+ROUND(E27,0) -> 11911 | H67: =+IF(G67*8*30>2*$D$5,'Analisis Factor Prestacional'!$D$28+1,'Analisis Factor Prestacional'!$C$28+1) -> 1.6556 | I67: VER ANALISIS MANO DE OBRA | J67: 45681
A68: P5 | B68: OFICIAL EE (Dry Wall) | E68: hr | F68: =+ROUND(G68*H68,0) -> 21216 | G68: =+ROUND(E33,0) -> 11600 | H68: =+IF(G68*8*30>2*$D$5,'Analisis Factor Prestacional'!$D$28+1,'Analisis Factor Prestacional'!$C$28+1) -> 1.829 | I68: VER ANALISIS MANO DE OBRA | J68: 45681
A69: P6 | B69: OFICIAL FF (Electricas) | E69: hr | F69: =+ROUND(G69*H69,0) -> 25721 | G69: =+ROUND(E39,0) -> 15536 | H69: =+IF(G69*8*30>2*$D$5,'Analisis Factor Prestacional'!$D$28+1,'Analisis Factor Prestacional'!$C$28+1) -> 1.6556 | I69: VER ANALISIS MANO DE OBRA | J69: 45681
A70: P7 | B70: OFICIAL GG (Alumbrado Publico) | E70: hr | F70: =+ROUND(G70*H70,0) -> 42870 | G70: =+ROUND(E45,0) -> 25894 | H70: =+IF(G70*8*30>2*$D$5,'Analisis Factor Prestacional'!$D$28+1,'Analisis Factor Prestacional'!$C$28+1) -> 1.6556 | I70: VER ANALISIS MANO DE OBRA | J70: 45681
A71: P8 | B71: AYUDANTE AA (Albañileria) | E71: hr | F71: =+ROUND(G71*H71,0) -> 11839 | G71: =+ROUND(E10,0) -> 6473 | H71: =+IF(G71*8*30>2*$D$5,'Analisis Factor Prestacional'!$D$28+1,'Analisis Factor Prestacional'!$C$28+1) -> 1.829 | I71: VER ANALISIS MANO DE OBRA | J71: 45681
A72: P9 | B72: AYUDANTE BB (Instalaciones) | E72: hr | F72: =+ROUND(G72*H72,0) -> 13024 | G72: =+ROUND(E16,0) -> 7121 | H72: =+IF(G72*8*30>2*$D$5,'Analisis Factor Prestacional'!$D$28+1,'Analisis Factor Prestacional'!$C$28+1) -> 1.829 | I72: VER ANALISIS MANO DE OBRA | J72: 45681
A73: P10 | B73: AYUDANTE CC (Pintura) | E73: hr | F73: =+ROUND(G73*H73,0) -> 13615 | G73: =+ROUND(E22,0) -> 7444 | H73: =+IF(G73*8*30>2*$D$5,'Analisis Factor Prestacional'!$D$28+1,'Analisis Factor Prestacional'!$C$28+1) -> 1.829 | I73: VER ANALISIS MANO DE OBRA | J73: 45681
A74: P11 | B74: AYUDANTE DD (Carpinteria) | E74: hr | F74: =+ROUND(G74*H74,0) -> 13615 | G74: =+ROUND(E28,0) -> 7444 | H74: =+IF(G74*8*30>2*$D$5,'Analisis Factor Prestacional'!$D$28+1,'Analisis Factor Prestacional'!$C$28+1) -> 1.829 | I74: VER ANALISIS MANO DE OBRA | J74: 45681
A75: P12 | B75: AYUDANTE EE (Dry Wall) | E75: hr | F75: =+ROUND(G75*H75,0) -> 13260 | G75: =+ROUND(E34,0) -> 7250 | H75: =+IF(G75*8*30>2*$D$5,'Analisis Factor Prestacional'!$D$28+1,'Analisis Factor Prestacional'!$C$28+1) -> 1.829 | I75: VER ANALISIS MANO DE OBRA | J75: 45681
A76: P13 | B76: AYUDANTE FF (Electricas) | E76: hr | F76: =+ROUND(G76*H76,0) -> 17760 | G76: =+ROUND(E40,0) -> 9710 | H76: =+IF(G76*8*30>2*$D$5,'Analisis Factor Prestacional'!$D$28+1,'Analisis Factor Prestacional'!$C$28+1) -> 1.829 | I76: VER ANALISIS MANO DE OBRA | J76: 45681
A77: P14 | B77: AYUDANTE GG (Alumbrado Publico) | E77: hr | F77: =+ROUND(G77*H77,0) -> 21435 | G77: =+ROUND(E46,0) -> 12947 | H77: =+IF(G77*8*30>2.1*$D$5,'Analisis Factor Prestacional'!$D$28+1,'Analisis Factor Prestacional'!$C$28+1) -> 1.6556 | I77: VER ANALISIS MANO DE OBRA | J77: 45681
A78: P17 | B78: REGULADOR DE TRANSITO | E78: mes | F78: =+(D5+100000)*F22 -> 2786481.5 | G78: =+(D17/45)/4 -> 753.92778 | H78: =+IF(G78*8*30>2*$D$5,'Analisis Factor Prestacional'!$D$28+1,'Analisis Factor Prestacional'!$C$28+1) -> 1.829 | I78: VER ANALISIS MANO DE OBRA | J78: 45681
A79: P18 | B79: MAESTRO DE OBRA CON EXPERIENCIA EN INSTALACION DE GUADUA | E79: mes | F79: =+H79*G79 -> 5380700 | G79: 3250000 | H79: 1.6556 | I79: VER ANALISIS MANO DE OBRA | J79: 45681
A80: C1 | B80: CUADRILLA AA TIPO 1 (1 OFICIAL + 1 AYUDANTE) (Albañileria) | D80: 1 | E80: hr | F80: =+ROUND($F$64+$F$71*D80,0) -> 30782 | J80: 45681
A81: C2 | B81: CUADRILLA BB TIPO 1 (1 OFICIAL + 1 AYUDANTE) (Instalaciones) | D81: 1 | E81: hr | F81: =+ROUND($F$65+$F$72*D81,0) -> 33862 | J81: 45681
A82: C3 | B82: CUADRILLA CC TIPO 1 (1 OFICIAL + 1 AYUDANTE) (Pintura) | D82: 1 | E82: hr | F82: =+ROUND($F$66+$F$73*D82,0) -> 33335 | J82: 45681
A83: C4 | B83: CUADRILLA DD TIPO 1 (1 OFICIAL + 1 AYUDANTE) (Carpinteria) | D83: 1 | E83: hr | F83: =+ROUND($F$67+$F$74*D83,0) -> 33335 | J83: 45681
A84: C5 | B84: CUADRILLA EE TIPO 1 (1 OFICIAL + 1 AYUDANTE) (Dry Wall) | D84: 1 | E84: hr | F84: =+ROUND($F$68+$F$75*D84,0) -> 34476 | J84: 45681
A85: C6 | B85: CUADRILLA FF TIPO 1 (1 OFICIAL + 1 AYUDANTE) (Electricas) | D85: 1 | E85: hr | F85: =+ROUND($F$69+$F$76*D85,0) -> 43481 | J85: 45681
A86: C7 | B86: CUADRILLA GG TIPO 1 (1 OFICIAL + 1 AYUDANTE) (Alumbrado Publico) | D86: 1 | E86: hr | F86: =+ROUND($F$70+$F$77*D86,0) -> 64305 | J86: 45681
A87: C8 | B87: CUADRILLA AA TIPO 2 (1 OFICIAL + 2 AYUDANTE) (Albañileria) | D87: 2 | E87: hr | F87: =+ROUND($F$64+$F$71*D87,0) -> 42621 | J87: 45681
A88: C9 | B88: CUADRILLA BB TIPO 2 (1 OFICIAL + 2 AYUDANTE) (Instalaciones) | D88: 2 | E88: hr | F88: =+ROUND($F$65+$F$72*D88,0) -> 46886 | J88: 45681
A89: C10 | B89: CUADRILLA CC TIPO 2 (1 OFICIAL + 2 AYUDANTE) (Pintura) | D89: 2 | E89: hr | F89: =+ROUND($F$66+$F$73*D89,0) -> 46950 | J89: 45681
A90: C11 | B90: CUADRILLA DD TIPO 2 (1 OFICIAL + 2 AYUDANTE) (Carpinteria) | D90: 2 | E90: hr | F90: =+ROUND($F$67+$F$74*D90,0) -> 46950 | J90: 45681
A91: C12 | B91: CUADRILLA EE TIPO 2 (1 OFICIAL + 2 AYUDANTE) (Dry Wall) | D91: 2 | E91: hr | F91: =+ROUND($F$68+$F$75*D91,0) -> 47736 | J91: 45681
A92: C13 | B92: CUADRILLA FF TIPO 2 (1 OFICIAL + 2 AYUDANTE) (Electricas) | D92: 2 | E92: hr | F92: =+ROUND($F$69+$F$76*D92,0) -> 61241 | J92: 45681
A93: C14 | B93: CUADRILLA GG TIPO 2 (1 OFICIAL + 2 AYUDANTE) (Alumbrado Publico) | D93: 2 | E93: hr | F93: =+ROUND($F$70+$F$77*D93,0) -> 85740 | J93: 45681
A94: C15 | B94: CUADRILLA AA TIPO 3 (1 OFICIAL + 3 AYUDANTE) (Albañileria) | D94: 3 | E94: hr | F94: =+ROUND($F$64+$F$71*D94,0) -> 54460 | J94: 45681
A95: C16 | B95: CUADRILLA BB TIPO 3 (1 OFICIAL + 3 AYUDANTE) (Instalaciones) | D95: 3 | E95: hr | F95: =+ROUND($F$65+$F$72*D95,0) -> 59910 | J95: 45681
A96: C17 | B96: CUADRILLA CC TIPO 3 (1 OFICIAL + 3 AYUDANTE) (Pintura) | D96: 3 | E96: hr | F96: =+ROUND($F$66+$F$73*D96,0) -> 60565 | J96: 45681
A97: C18 | B97: CUADRILLA DD TIPO 3 (1 OFICIAL + 3 AYUDANTE) (Carpinteria) | D97: 3 | E97: hr | F97: =+ROUND($F$67+$F$74*D97,0) -> 60565 | J97: 45681
A98: C19 | B98: CUADRILLA EE TIPO 3 (1 OFICIAL + 3 AYUDANTE) (Dry Wall) | D98: 3 | E98: hr | F98: =+ROUND($F$68+$F$75*D98,0) -> 60996 | J98: 45681
A99: C20 | B99: CUADRILLA FF TIPO 3 (1 OFICIAL + 3 AYUDANTE) (Electricas) | D99: 3 | E99: hr | F99: =+ROUND($F$69+$F$76*D99,0) -> 79001 | J99: 45681
A100: C21 | B100: CUADRILLA GG TIPO 3 (1 OFICIAL + 3 AYUDANTE) (Alumbrado Publico) | D100: 3 | E100: hr | F100: =+ROUND($F$70+$F$77*D100,0) -> 107175 | J100: 45681
A101: C22 | B101: CUADRILLA AA TIPO 4 (1 OFICIAL + 4 AYUDANTE) (Albañileria) | D101: 4 | E101: hr | F101: =+ROUND($F$64+$F$71*D101,0) -> 66299 | J101: 45681
A102: C23 | B102: CUADRILLA BB TIPO 4 (1 OFICIAL + 4 AYUDANTE) (Instalaciones) | D102: 4 | E102: hr | F102: =+ROUND($F$65+$F$72*D102,0) -> 72934 | J102: 45681
A103: C24 | B103: CUADRILLA CC TIPO 4 (1 OFICIAL + 4 AYUDANTE) (Pintura) | D103: 4 | E103: hr | F103: =+ROUND($F$66+$F$73*D103,0) -> 74180 | J103: 45681
A104: C25 | B104: CUADRILLA DD TIPO 4 (1 OFICIAL + 4 AYUDANTE) (Carpinteria) | D104: 4 | E104: hr | F104: =+ROUND($F$67+$F$74*D104,0) -> 74180 | J104: 45681
A105: C26 | B105: CUADRILLA EE TIPO 4 (1 OFICIAL + 4 AYUDANTE) (Dry Wall) | D105: 4 | E105: hr | F105: =+ROUND($F$68+$F$75*D105,0) -> 74256 | J105: 45681
A106: C27 | B106: CUADRILLA FF TIPO 4 (1 OFICIAL + 4 AYUDANTE) (Electricas) | D106: 4 | E106: hr | F106: =+ROUND($F$69+$F$76*D106,0) -> 96761 | J106: 45681
A107: C28 | B107: CUADRILLA GG TIPO 4 (1 OFICIAL + 4 AYUDANTE) (Alumbrado Publico) | D107: 4 | E107: hr | F107: =+ROUND($F$70+$F$77*D107,0) -> 128610 | J107: 45681
A108: C29 | B108: CUADRILLA AA TIPO 5 (1 OFICIAL + 5 AYUDANTE) (Albañileria) | D108: 5 | E108: hr | F108: =+ROUND($F$64+$F$71*D108,0) -> 78138 | J108: 45681
A109: C30 | B109: CUADRILLA BB TIPO 5 (1 OFICIAL + 5 AYUDANTE) (Instalaciones) | D109: 5 | E109: hr | F109: =+ROUND($F$65+$F$72*D109,0) -> 85958 | J109: 45681
A110: C31 | B110: CUADRILLA CC TIPO 5 (1 OFICIAL + 5 AYUDANTE) (Pintura) | D110: 5 | E110: hr | F110: =+ROUND($F$66+$F$73*D110,0) -> 87795 | J110: 45681
A111: C32 | B111: CUADRILLA DD TIPO 5 (1 OFICIAL + 5 AYUDANTE) (Carpinteria) | D111: 5 | E111: hr | F111: =+ROUND($F$67+$F$74*D111,0) -> 87795 | J111: 45681
A112: C33 | B112: CUADRILLA EE TIPO 5 (1 OFICIAL + 5 AYUDANTE) (Dry Wall) | D112: 5 | E112: hr | F112: =+ROUND($F$68+$F$75*D112,0) -> 87516 | J112: 45681
A113: C34 | B113: CUADRILLA FF TIPO 5 (1 OFICIAL + 5 AYUDANTE) (Electricas) | D113: 5 | E113: hr | F113: =+ROUND($F$69+$F$76*D113,0) -> 114521 | J113: 45681
A114: C35 | B114: CUADRILLA GG TIPO 5 (1 OFICIAL + 5 AYUDANTE) (Alumbrado Publico) | D114: 5 | E114: hr | F114: =+ROUND($F$70+$F$77*D114,0) -> 150045 | J114: 45681
A115: C36 | B115: CUADRILLA AA TIPO 6 (1 OFICIAL + 6 AYUDANTE) (Albañileria) | D115: 6 | E115: hr | F115: =+ROUND($F$64+$F$71*D115,0) -> 89977 | J115: 45681
...

Sheet Analisis Herramienta Menor
B1: ESTIMATIVO GENERAL DE HERRAMIENTAS MENORES DE UN PROYECTO
B3: Descripción | C3: Unidad | D3: IVA | E3: Valor unitario Antes de IVA | F3: Valor Total
B4: PALA CON CABO | C4: und | D4: 0.19 | E4: 17442.308 | F4: =ROUNDUP($E4*(1+$D4),0) -> 20757
B5: PICA CON CABO | C5: und | D5: 0.19 | E5: 26635.446 | F5: =ROUNDUP($E5*(1+$D5),0) -> 31697
B6: PALÍN CON CABO | C6: und | D6: 0.19 | E6: 18316.532 | F6: =ROUNDUP($E6*(1+$D6),0) -> 21797
B7: ALMADANA CON CABO | C7: und | D7: 0.19 | E7: 59422.899 | F7: =ROUNDUP($E7*(1+$D7),0) -> 70714
B8: BARRA METÁLICA | C8: und | D8: 0.19 | E8: 67114.123 | F8: =ROUNDUP($E8*(1+$D8),0) -> 79866
B9: BALDE PLÁSTICO | C9: und | D9: 0.19 | E9: 3005.4489 | F9: =ROUNDUP($E9*(1+$D9),0) -> 3577
B10: CARRETA BUGGY | C10: und | D10: 0.19 | E10: 137793.26 | F10: =ROUNDUP($E10*(1+$D10),0) -> 163974
B11: MANILA DE 1/2" | C11: ml | D11: 0.19 | E11: 1537.5961 | F11: =ROUNDUP($E11*(1+$D11),0) -> 1830
B12: PLÁSTICO PARA COBERTORES | C12: m2 | D12: 0.19 | E12: 2470.2098 | F12: =ROUNDUP($E12*(1+$D12),0) -> 2940
B13: SEGUETA | C13: und | D13: 0.19 | E13: 3634.7604 | F13: =ROUNDUP($E13*(1+$D13),0) -> 4326
B14: ESCOBA | C14: und | D14: 0.19 | E14: 4541.4231 | F14: =ROUNDUP($E14*(1+$D14),0) -> 5405
B15: PALUSTRE | C15: und | D15: 0.19 | E15: 11184.876 | F15: =ROUNDUP($E15*(1+$D15),0) -> 13311
... B17: FLEXOMETRO | C17: und | D17: 0.19 | E17: 13981.095 | F17: =ROUNDUP($E17*(1+$D17),0) -> 16638
B18: COSTO TOTAL | F18: =SUM(F4:F17) -> 450143
B19: NO. ESTIMADO DE USOS | D19: 10
B20: COSTO TOTAL POR USO | F20: =+F18/D19 -> 45014.3
B21: NO. DE HERRAMIENTAS | D21: =+COUNT(D4:D17) -> 14
B22: COSTO UNITARIO HERRAMIENTA MENOR | F22: =+ROUND(F20/D21,0) -> 3215
E23: IVA | F23: 0
B24: EQUIPO BASICO ( CONSTRUCCIÓN ) | D24: Incluye IVA | F24: =+(F22*F23)+F22 -> 3215
B25: EQUIPO BASICO ( HERRAMIENTA MENOR ) | D25: Incluye IVA | F25: =+F24 -> 3215

Sheet Analisis Factor Prestacional
A1: ANALISIS FACTOR PRESTACIONAL
A3: Datos Basicos año 2024 | B3: Días del año | C3: 360 | E3: IPC 2024
B4: Subsidio Transporte 2024 | C4: 200000 | E4: 0.052
B5: Salario mínimo 2019 | C5: 1423500
C8: Riesgo Alto | E8: Riesgo Bajo
A9: Datos Básicos | B9: Número días trabajados | C9: =C3 -> 360 | D9: =+C3 -> 360 | E9: =+C3 -> 360 | F9: =+C3 -> 360
B10: Salario Básico | C10: 1-2 SMMLV | D10: >2 SMMLV | E10: 1-2 SMMLV | F10: >2 SMMLV
A11: Prestaciones Sociales | B11: Subsidio de Transporte | C11: 0.1053 | D11: 0 | E11: 0.1053 | F11: 0
B12: Cesantías | C12: 0.0833 | D12: 0.0833 | E12: 0.0833 | F12: 0.0833
B13: Intereses cesantías | C13: 0.01 | D13: 0.01 | E13: 0.01 | F13: 0.01
B14: Prima | C14: 0.0833 | D14: 0.0833 | E14: 0.0833 | F14: 0.0833
B15: Vacaciones | C15: 0.0417 | D15: 0.0417 | E15: 0.0417 | F15: 0.0417
B16: Dotaciones | C16: 0.06 | D16: 0.0267 | E16: 0.06 | F16: 0.0267
B17: Servicio Medico Primer Mes | C17: 0.0016 | D17: 0.0016 | E17: 0.0016 | F17: 0.0016
A18: Examenes medicos | B18: Examenes de ingreso y egreso | C18: 0.0339 | D18: 0.0121 | E18: 0.0339 | F18: 0.0121
A19: Certificados para trabajos | B19: Certificado en trabajo de alturas | C19: 0.0203 | D19: 0.0073
A20: Salud. Pension y ARP | B20: Salud | C20: 0.085 | D20: 0.085 | E20: 0.085 | F20: 0.085
B21: Pensión | C21: 0.12 | D21: 0.12 | E21: 0.12 | F21: 0.12
B22: ARL | C22: 0.0696 | D22: 0.0696 | E22: 0.0696 | F22: 0.0696
A23: Parafiscales | B23: SENA | C23: 0.02 | D23: 0.02 | E23: 0.02 | F23: 0.02
B24: ICBF | C24: 0.03 | D24: 0.03 | E24: 0.03 | F24: 0.03
B25: FIC | C25: 0.025 | D25: 0.025 | E25: 0.025 | F25: 0.025
B26: Caja de compensacion | C26: 0.04 | D26: 0.04 | E26: 0.04 | F26: 0.04
A28: TOTAL | C28: =SUM(C11:C27) -> 0.829 | D28: =SUM(D11:D27) -> 0.6556 | E28: =SUM(E11:E27) -> 0.8087 | F28: =SUM(F11:F27) -> 0.6483
A31: ANALISIS INGRESO BASE DE COTIIZACION - IBC (Solo aplica para contratistas personas naturales)
A33: Descripcion | C33: Valor
A34: Costo directo del contrato | C34: =+#REF! -> #REF!
A35: AIU en porcentaje | C35: =+#REF! -> #REF!
A36: AIU en pesos | C36: =+C35*C34 -> #REF!
A37: Costo total del contrato antes de iva | C37: =C36+C34 -> #REF!
A38: Plazo (meses) | C38: =+#REF! -> #REF!
A39: Valor del salario minimo | C39: =+$C$5 -> 1423500
A40: Valor del IBC según el Decreto 510 de 2003 (smmlv<=IBC<=25 smmlv) | C40: =25*C39 -> 35587500
A41: IBC | C41: =ROUND(IF((C37*40%/C38)<C40,(C37*40%/C38),C40),) -> #REF!
A42: =+B20 -> Salud | B42: 0.125 | C42: =ROUND($C$41*B42,0) -> #REF!
A43: =+B21 -> Pensión | B43: 0.16 | C43: =ROUND($C$41*B43,0) -> #REF!
A44: =+B22 -> ARL | B44: 0.0696 | C44: =ROUND($C$41*B44,0) -> #REF!
A45: Valor total de aportes mensual | C45: =C42+C43+C44 -> #REF!
A46: Valor total de aporte durante el contrato | C46: =C45*C38 -> #REF!
A48: Nota: La ARL la debe pagar la entidad contratante al contratista de acuerdo a lo estipulado en la ley 723 de 2013 y el art 2 de la ley 1562 de 2012.
